General information
- name: BNet
- type: Ladder team game (AT/RT)
- host: Battle.net
- saver: Blinn
map: SilverpineForest
- players: 6
- length: 178:07
- speed: Fast
- version: 1.20 W3XP
- replay type:

» download(855 KB)
Players
team 1 (loser)
Blinn (
teal | 63 APM | 11140 actions | 178:07)
7 Blademaster
3 Wind Walk
3 Critical Strike
1 Bladestorm
» actions
| Assign group hotkey | 1009 | |
| Basic commands | 7 | |
| Build / train | 70 | |
| ESC pressed | 7 | |
| Enter build submenu | 66 | |
| Enter hero's abilities submenu | 11 | |
| Give item / drop item | 2 | |
| Remove unit from queue | 3 | |
| Right click | 6904 | |
| Select / deselect | 1508 | |
| Select group hotkey | 1105 | |
| Use ability | 447 | |
11140 total
» units
» upgrades
| Liquid Fire | 1 | |
| Reinforced Defenses | 1 | |
| Spiked Barricades | 1 | |
3 total
» buildings
| Altar of Storms | 2 | |
| Orc Burrow | 6 | |
| War Mill | 1 | |
| Watch Tower | 47 | |
| Voodoo Lounge | 1 | |
| Stronghold | 2 | |
| Great Hall | 1 | |
| Fortress | 1 | |
| Beastiary | 2 | |
63 total
» build order
00:02 Altar of Storms
00:13 Orc Burrow
00:41 War Mill
01:57 Watch Tower
02:22 Watch Tower
02:26 Orc Burrow
02:30 Watch Tower
02:43 Watch Tower
03:05 Watch Tower
03:29 Watch Tower
03:36 Watch Tower
04:05 Watch Tower
04:16 Voodoo Lounge
04:20 Watch Tower
04:33 Watch Tower
04:43 Watch Tower
04:51 Stronghold
04:51 Stronghold
05:12 Watch Tower
05:43 Watch Tower
05:51 Watch Tower
06:11 Orc Burrow
06:16 Watch Tower
06:22 Watch Tower
06:57 Watch Tower
07:01 Watch Tower
07:24 Great Hall
07:27 Watch Tower
07:32 Watch Tower
07:33 Watch Tower
07:34 Watch Tower
08:01 Watch Tower
08:18 Watch Tower
08:29 Watch Tower
08:46 Watch Tower
09:16 Fortress
09:28 Watch Tower
09:32 Watch Tower
09:35 Orc Burrow
09:40 Beastiary
09:53 Watch Tower
10:01 Watch Tower
10:38 Watch Tower
10:41 Watch Tower
11:17 Beastiary
11:59 Watch Tower
12:04 Watch Tower
12:26 Watch Tower
13:24 Watch Tower
13:39 Watch Tower
14:41 Watch Tower
14:43 Watch Tower
14:55 Watch Tower
15:54 Watch Tower
16:01 Watch Tower
18:01 Watch Tower
18:02 Watch Tower
18:47 Watch Tower
19:15 Watch Tower
19:17 Watch Tower
22:26 Orc Burrow
35:45 Altar of Storms
35:50 Orc Burrow
» items
| Healing Salve | 3 | |
| Lesser Clarity Potion | 4 | |
| Orb of Lightning | 1 | |
| Potion of Healing | 1 | |
| Scroll of Town Portal | 1 | |
| Staff of Teleportation | 1 | |
| Boots of Speed | 1 | |
12 total

»
Mata. (
red | 61 APM | 10923 actions | 178:03)
9 Dark Ranger
3 Black Arrow
3 Silence
1 Charm
2 Life Drain
» actions
| Assign group hotkey | 622 | |
| Basic commands | 143 | |
| Build / train | 225 | |
| ESC pressed | 22 | |
| Enter build submenu | 128 | |
| Enter hero's abilities submenu | 10 | |
| Give item / drop item | 8 | |
| Remove unit from queue | 2 | |
| Right click | 5104 | |
| Select / deselect | 1940 | |
| Select group hotkey | 1796 | |
| Use ability | 923 | |
10923 total
» units
| Peasant | 23 | |
| Goblin Zeppelin | 5 | |
| Dragonhawk Rider | 39 | |
67 total
» upgrades
| Masonry | 3 | |
| Armor | 3 | |
| Cloud | 1 | |
| Animal War Training | 1 | |
8 total
» buildings
| Altar of Kings | 2 | |
| Farm | 27 | |
| Lumber Mill | 2 | |
| Scout Tower | 100 | |
| Guard Tower | 102 | |
| Town Hall | 2 | |
| Arcane Vault | 2 | |
| Keep | 3 | |
| Castle | 2 | |
| Gryphon Aviary | 4 | |
| Blacksmith | 1 | |
| Barracks | 1 | |
248 total
» build order
00:06 Altar of Kings
00:19 Farm
00:37 Lumber Mill
01:18 Scout Tower
01:19 Scout Tower
01:47 Guard Tower
01:48 Guard Tower
01:48 Guard Tower
01:53 Farm
02:29 Guard Tower
02:29 Guard Tower
04:20 Town Hall
04:24 Scout Tower
04:25 Scout Tower
04:25 Scout Tower
04:26 Scout Tower
04:27 Scout Tower
04:28 Scout Tower
04:37 Scout Tower
04:37 Scout Tower
04:38 Scout Tower
04:54 Guard Tower
04:54 Guard Tower
04:54 Guard Tower
04:54 Guard Tower
04:58 Guard Tower
04:59 Guard Tower
05:08 Guard Tower
05:08 Guard Tower
05:26 Guard Tower
05:26 Guard Tower
05:26 Guard Tower
05:26 Guard Tower
05:27 Guard Tower
05:27 Guard Tower
06:06 Guard Tower
06:27 Arcane Vault
06:53 Keep
06:53 Keep
08:22 Scout Tower
08:23 Scout Tower
08:24 Scout Tower
09:18 Guard Tower
09:32 Guard Tower
10:59 Scout Tower
11:00 Scout Tower
11:01 Scout Tower
11:20 Castle
11:21 Castle
11:57 Scout Tower
11:59 Scout Tower
12:17 Guard Tower
12:17 Guard Tower
12:17 Guard Tower
12:18 Guard Tower
12:18 Guard Tower
12:23 Scout Tower
12:23 Scout Tower
12:24 Scout Tower
12:24 Scout Tower
12:24 Scout Tower
12:25 Scout Tower
12:26 Guard Tower
12:26 Guard Tower
12:59 Guard Tower
13:02 Scout Tower
13:03 Scout Tower
13:03 Scout Tower
13:04 Scout Tower
13:04 Scout Tower
13:05 Scout Tower
13:06 Scout Tower
13:32 Guard Tower
13:32 Guard Tower
13:42 Guard Tower
13:42 Guard Tower
14:06 Guard Tower
14:06 Guard Tower
14:06 Guard Tower
14:16 Guard Tower
14:16 Guard Tower
14:23 Town Hall
15:53 Gryphon Aviary
15:56 Blacksmith
17:18 Barracks
18:20 Farm
18:21 Farm
19:48 Scout Tower
19:49 Scout Tower
19:49 Scout Tower
20:03 Scout Tower
20:05 Scout Tower
20:06 Scout Tower
20:42 Guard Tower
20:42 Guard Tower
20:44 Scout Tower
20:46 Scout Tower
20:47 Scout Tower
20:48 Scout Tower
20:51 Scout Tower
21:33 Guard Tower
21:35 Scout Tower
21:35 Scout Tower
21:36 Scout Tower
21:37 Scout Tower
21:39 Guard Tower
21:39 Guard Tower
22:08 Guard Tower
23:03 Scout Tower
23:04 Scout Tower
23:07 Scout Tower
23:08 Scout Tower
23:09 Guard Tower
23:09 Guard Tower
23:09 Guard Tower
24:07 Farm
24:08 Farm
24:09 Farm
24:10 Guard Tower
24:11 Guard Tower
24:12 Scout Tower
24:13 Scout Tower
24:15 Scout Tower
24:16 Scout Tower
24:17 Scout Tower
24:17 Scout Tower
24:18 Scout Tower
24:20 Scout Tower
25:32 Guard Tower
25:33 Guard Tower
25:36 Scout Tower
25:37 Scout Tower
25:38 Scout Tower
25:40 Scout Tower
25:41 Scout Tower
25:42 Scout Tower
26:55 Scout Tower
26:56 Scout Tower
26:56 Scout Tower
27:08 Guard Tower
27:08 Guard Tower
27:24 Guard Tower
27:24 Guard Tower
27:27 Scout Tower
27:28 Scout Tower
27:29 Guard Tower
27:29 Guard Tower
27:33 Scout Tower
27:35 Scout Tower
27:52 Scout Tower
27:55 Scout Tower
27:56 Scout Tower
27:57 Scout Tower
27:58 Scout Tower
28:03 Guard Tower
28:03 Guard Tower
28:09 Scout Tower
28:10 Scout Tower
28:11 Scout Tower
28:26 Guard Tower
28:26 Guard Tower
28:27 Guard Tower
28:27 Guard Tower
28:29 Scout Tower
28:30 Scout Tower
28:30 Scout Tower
29:42 Guard Tower
29:43 Scout Tower
29:44 Scout Tower
29:53 Guard Tower
29:53 Guard Tower
30:28 Guard Tower
30:37 Gryphon Aviary
30:42 Gryphon Aviary
31:12 Gryphon Aviary
32:03 Arcane Vault
32:18 Scout Tower
32:19 Scout Tower
32:20 Scout Tower
32:35 Farm
32:37 Farm
32:40 Farm
32:52 Farm
32:53 Farm
35:19 Farm
36:01 Farm
36:02 Farm
36:05 Farm
36:42 Scout Tower
36:54 Scout Tower
37:04 Lumber Mill
38:11 Guard Tower
38:11 Guard Tower
41:44 Scout Tower
41:45 Scout Tower
41:45 Scout Tower
41:46 Scout Tower
41:52 Scout Tower
41:55 Scout Tower
41:59 Scout Tower
42:00 Scout Tower
42:18 Guard Tower
42:18 Guard Tower
42:19 Guard Tower
43:39 Guard Tower
43:39 Guard Tower
43:49 Scout Tower
44:02 Scout Tower
44:20 Guard Tower
44:21 Guard Tower
51:38 Altar of Kings
53:12 Farm
54:16 Farm
54:32 Farm
54:46 Farm
54:47 Farm
54:52 Farm
60:33 Farm
60:39 Farm
63:24 Farm
160:05 Farm
161:07 Farm
» items
| Scroll of Regeneration | 6 | |
| Potion of Healing | 4 | |
| Potion of Mana | 1 | |
| Ivory Tower | 4 | |
| Scroll of Town Portal | 2 | |
| Staff of Teleportation | 1 | |
| Boots of Speed | 1 | |
| Potion of Invisibility | 1 | |
20 total
timg4strok (
green | 49 APM | 8679 actions | 178:00)
10 Goblin Alchemist
3 Chemical Rage
3 Healing Spray
1 Transmute
3 Acid Bomb
» actions
| Assign group hotkey | 20 | |
| Basic commands | 81 | |
| Build / train | 76 | |
| ESC pressed | 2 | |
| Enter build submenu | 26 | |
| Enter hero's abilities submenu | 11 | |
| Give item / drop item | 5 | |
| Right click | 5704 | |
| Select / deselect | 717 | |
| Select group hotkey | 1404 | |
| Use ability | 633 | |
8679 total
» units
| Wisp | 20 | |
| Chimaera | 2 | |
| Druid of the Talon | 8 | |
| Hippogryph | 4 | |
34 total
» upgrades
| Ultravision | 1 | |
| Strength of the Wild | 3 | |
| Reinforced Hides | 3 | |
| Druid of the Talon Training | 2 | |
| Hippogryph Taming | 1 | |
| Well Spring | 1 | |
| Corrosive Breath | 1 | |
| Mark of the Talon | 1 | |
13 total
» buildings
| Altar of Elders | 4 | |
| Moon Well | 12 | |
| Hunter's Hall | 1 | |
| Tree of Ages | 1 | |
| Ancient of Wind | 1 | |
| Tree of Eternity | 1 | |
| Chimaera Roost | 2 | |
| Tree of Life | 2 | |
24 total
» build order
00:25 Altar of Elders
00:30 Moon Well
02:42 Moon Well
03:10 Hunter's Hall
03:42 Moon Well
05:48 Moon Well
05:56 Tree of Ages
06:58 Moon Well
08:23 Ancient of Wind
09:24 Tree of Eternity
12:19 Chimaera Roost
12:22 Chimaera Roost
12:48 Tree of Life
17:48 Tree of Life
18:00 Altar of Elders
18:05 Moon Well
18:07 Moon Well
18:08 Moon Well
33:28 Altar of Elders
36:08 Moon Well
49:00 Moon Well
54:09 Moon Well
54:13 Moon Well
176:08 Altar of Elders
» items
| Boots of Speed | 1 | |
| Staff of Teleportation | 1 | |
| Orb of Lightning | 1 | |
| Healing Salve | 1 | |
| Potion of Mana | 1 | |
| Scroll of Town Portal | 2 | |
| Potion of Lesser Invulnerability | 3 | |
| Lesser Clarity Potion | 6 | |
16 total
team 2 (winner)

»
LohanNipSlip (
purple | 42 APM | 7487 actions | 178:07)
10 Lich
3 Frost Nova
3 Dark Ritual
1 Death and Decay
3 Frost Armor
4 Crypt Lord
2 Spiked Carapace
2 Carrion Beetles
3 Death Knight
2 Unholy Aura
1 Death Coil
» actions
| Assign group hotkey | 150 | |
| Basic commands | 927 | |
| Build / train | 154 | |
| Enter build submenu | 34 | |
| Enter hero's abilities submenu | 18 | |
| Give item / drop item | 2 | |
| Remove unit from queue | 1 | |
| Right click | 1569 | |
| Select / deselect | 711 | |
| Select group hotkey | 3579 | |
| Use ability | 342 | |
7487 total
» units
| Acolyte | 44 | |
| Ghoul | 5 | |
| Crypt Fiend | 9 | |
| Frost Wyrm | 44 | |
| Goblin Zeppelin | 3 | |
105 total
» upgrades
| Creature Attack | 3 | |
| Burrow | 1 | |
| Web | 1 | |
| Freezing Breath | 1 | |
| Creature Carapace | 3 | |
| Unholy Strength | 1 | |
| Unholy Armor | 1 | |
11 total
» buildings
| Crypt | 1 | |
| Ziggurat | 21 | |
| Altar of Darkness | 1 | |
| Graveyard | 1 | |
| Tomb of Relics | 1 | |
| Nerubian Tower | 1 | |
| Halls of the Dead | 1 | |
| Black Citadel | 1 | |
| Sacrificial Pit | 1 | |
| Boneyard | 3 | |
| Spirit Tower | 11 | |
43 total
» build order
00:07 Crypt
00:08 Ziggurat
00:36 Altar of Darkness
01:00 Graveyard
01:15 Ziggurat
02:07 Tomb of Relics
03:44 Nerubian Tower
04:20 Ziggurat
04:47 Halls of the Dead
05:50 Ziggurat
06:26 Ziggurat
07:10 Black Citadel
09:01 Sacrificial Pit
10:09 Boneyard
10:11 Boneyard
10:13 Boneyard
12:08 Ziggurat
12:09 Ziggurat
12:33 Ziggurat
12:34 Ziggurat
23:55 Ziggurat
23:55 Ziggurat
23:56 Ziggurat
25:35 Spirit Tower
34:16 Spirit Tower
35:20 Spirit Tower
36:42 Spirit Tower
37:04 Spirit Tower
37:11 Ziggurat
37:12 Ziggurat
41:52 Ziggurat
41:53 Ziggurat
41:54 Ziggurat
41:55 Ziggurat
42:19 Ziggurat
42:50 Spirit Tower
43:16 Ziggurat
43:17 Ziggurat
43:38 Spirit Tower
44:42 Spirit Tower
45:00 Spirit Tower
45:29 Spirit Tower
46:47 Spirit Tower
» items
| Dust of Appearance | 2 | |
| Staff of Teleportation | 1 | |
3 total

»
T-Train (
blue | 33 APM | 5801 actions | 178:07)
10 Far Seer
3 Feral Spirit
3 Chain Lighting
3 Far Sight
1 Earth Quake
» actions
| Assign group hotkey | 104 | |
| Basic commands | 275 | |
| Build / train | 175 | |
| ESC pressed | 4 | |
| Enter build submenu | 70 | |
| Enter hero's abilities submenu | 13 | |
| Remove unit from queue | 6 | |
| Right click | 1669 | |
| Select / deselect | 1249 | |
| Select group hotkey | 1552 | |
| Use ability | 683 | |
5801 total
» units
| Peon | 35 | |
| Grunt | 8 | |
| Demolisher | 20 | |
| Troll Witch Doctor | 18 | |
| Shaman | 2 | |
| Tauren | 2 | |
| Troll Batrider | 35 | |
| Goblin Zeppelin | 5 | |
125 total
» upgrades
| Ranged Weapons | 3 | |
| Burning Oil | 1 | |
| Witch Doctor Training | 2 | |
| Armor | 1 | |
| Shaman Training | 2 | |
| Reinforced Defenses | 1 | |
| Spiked Barricades | 2 | |
| Liquid Fire | 1 | |
13 total
» buildings
| Altar of Storms | 1 | |
| Orc Burrow | 7 | |
| Barracks | 1 | |
| Voodoo Lounge | 1 | |
| Stronghold | 1 | |
| War Mill | 2 | |
| Fortress | 1 | |
| Spirit Lodge | 1 | |
| Great Hall | 4 | |
| Tauren Totem | 1 | |
| Watch Tower | 85 | |
| Beastiary | 3 | |
108 total
» build order
00:09 Altar of Storms
00:20 Orc Burrow
00:37 Barracks
01:26 Orc Burrow
03:31 Orc Burrow
03:44 Voodoo Lounge
04:29 Stronghold
05:14 Orc Burrow
05:17 War Mill
07:50 Fortress
07:54 Spirit Lodge
08:33 Orc Burrow
12:33 Great Hall
12:51 Orc Burrow
19:12 Tauren Totem
27:33 Orc Burrow
31:24 Great Hall
31:29 Great Hall
36:05 Great Hall
36:38 Watch Tower
36:52 Watch Tower
36:54 Watch Tower
36:55 Watch Tower
36:57 Watch Tower
36:59 Watch Tower
37:03 Watch Tower
37:04 Watch Tower
37:05 Watch Tower
37:07 Watch Tower
37:08 Watch Tower
37:09 Watch Tower
37:12 Watch Tower
37:12 Watch Tower
37:13 Watch Tower
37:15 Watch Tower
37:16 Watch Tower
37:17 Watch Tower
37:19 Watch Tower
37:21 Watch Tower
37:42 Watch Tower
37:44 Watch Tower
37:46 Watch Tower
37:47 Watch Tower
37:52 Watch Tower
37:53 Watch Tower
37:57 Watch Tower
37:58 Watch Tower
38:16 Watch Tower
38:19 Watch Tower
38:51 Watch Tower
38:58 Watch Tower
39:00 Watch Tower
39:07 Watch Tower
39:08 Watch Tower
39:11 Watch Tower
39:29 Watch Tower
39:56 Beastiary
40:00 Beastiary
40:32 Watch Tower
40:35 Watch Tower
41:16 Watch Tower
41:18 Watch Tower
41:23 Watch Tower
42:09 Watch Tower
42:34 Watch Tower
44:33 War Mill
59:00 Beastiary
66:43 Watch Tower
66:48 Watch Tower
66:51 Watch Tower
66:54 Watch Tower
67:08 Watch Tower
67:10 Watch Tower
70:10 Watch Tower
70:12 Watch Tower
70:13 Watch Tower
70:23 Watch Tower
75:45 Watch Tower
75:48 Watch Tower
75:50 Watch Tower
75:54 Watch Tower
75:57 Watch Tower
76:03 Watch Tower
76:04 Watch Tower
76:05 Watch Tower
76:08 Watch Tower
76:10 Watch Tower
76:12 Watch Tower
76:14 Watch Tower
76:23 Watch Tower
76:24 Watch Tower
76:26 Watch Tower
76:28 Watch Tower
76:29 Watch Tower
76:31 Watch Tower
76:38 Watch Tower
76:38 Watch Tower
76:40 Watch Tower
76:41 Watch Tower
76:42 Watch Tower
76:42 Watch Tower
76:58 Watch Tower
76:59 Watch Tower
77:01 Watch Tower
77:04 Watch Tower
77:05 Watch Tower
77:46 Watch Tower
77:48 Watch Tower
» items
| Healing Salve | 2 | |
| Scroll of Speed | 1 | |
| Tome of Retraining | 2 | |
| Potion of Lesser Invulnerability | 1 | |
| Staff of Teleportation | 1 | |
7 total

»
TheGreatTim (
orange | 32 APM | 5765 actions | 178:07)
9 Keeper of the Grove
3 Entangling Roots
3 Thorns Aura
1 Tranquility
2 Force of Nature
» actions
| Assign group hotkey | 68 | |
| Basic commands | 60 | |
| Build / train | 141 | |
| ESC pressed | 1 | |
| Enter build submenu | 23 | |
| Enter hero's abilities submenu | 9 | |
| Give item / drop item | 5 | |
| Remove unit from queue | 2 | |
| Right click | 2516 | |
| Select / deselect | 724 | |
| Select group hotkey | 1897 | |
| Use ability | 319 | |
5765 total
» units
| Wisp | 20 | |
| Archer | 7 | |
| Druid of the Talon | 28 | |
| Dryad | 8 | |
| Mountain Giant | 1 | |
| Faerie Dragon | 11 | |
| Chimaera | 10 | |
| Hippogryph | 10 | |
| Goblin Zeppelin | 3 | |
98 total
» upgrades
| Ultravision | 1 | |
| Strength of the Wild | 3 | |
| Reinforced Hides | 3 | |
| Druid of the Talon Training | 2 | |
| Abolish Magic | 1 | |
| Mark of the Talon | 1 | |
| Hardened Skin | 1 | |
| Resistant Skin | 1 | |
| Well Spring | 1 | |
| Vorpal Blades | 1 | |
| Nature's Blessing | 1 | |
| Druid of the Claw Training | 1 | |
| Corrosive Breath | 1 | |
| Strength of the Moon | 1 | |
| Moon Armor | 1 | |
20 total
» buildings
| Altar of Elders | 1 | |
| Moon Well | 9 | |
| Ancient of War | 1 | |
| Tree of Ages | 2 | |
| Hunter's Hall | 1 | |
| Ancient of Wind | 1 | |
| Ancient of Lore | 1 | |
| Ancient of Wonders | 1 | |
| Tree of Eternity | 2 | |
| Tree of Life | 3 | |
| Chimaera Roost | 3 | |
25 total
» build order
00:04 Altar of Elders
00:16 Moon Well
00:29 Ancient of War
01:21 Moon Well
03:02 Moon Well
03:24 Tree of Ages
04:04 Hunter's Hall
04:51 Moon Well
05:48 Moon Well
05:53 Ancient of Wind
05:58 Ancient of Lore
06:02 Ancient of Wonders
08:49 Tree of Eternity
08:56 Moon Well
15:07 Moon Well
18:36 Tree of Life
21:42 Tree of Ages
25:13 Tree of Eternity
28:34 Moon Well
32:09 Chimaera Roost
32:11 Chimaera Roost
32:15 Chimaera Roost
35:43 Tree of Life
36:36 Moon Well
39:53 Tree of Life
» items
| Scroll of Town Portal | 4 | |
| Orb of Lightning | 1 | |
| Dust of Appearance | 1 | |
| Staff of Teleportation | 1 | |
7 total
Chat log
(00:08 / Allies) Mata.: upwards over the mountain
(00:12 / All) timg4strok: gg and GL
(00:14 / Allies) Mata.: i'll take care of it
(00:15 / Allies) timg4strok: tower me blinn
(00:17 / Allies) Mata.: you guys expo and shit
(00:30 / Allies) Mata.: expand and hoard
(00:32 / Allies) Mata.: stay in No
(00:45 / Allies) Mata.: i'll clear out that valley
(00:46 / Allies) timg4strok: ill put a tol up there
(00:47 / Allies) Mata.: so we can put tech
(00:49 / Allies) timg4strok: yes
(00:50 / Allies) Mata.: and tower up the sides
(00:55 / Allies) Blinn: i'll charge fearlessly down the mountain
(00:56 / Allies) timg4strok: we need to claim the second peak early
(01:00 / Allies) timg4strok: that always kills us
(01:04 / Allies) timg4strok: we only get the valley and the one peak
(01:08 / Allies) Mata.: yeah no towers in the valley please
(01:14 / Allies) Mata.: it's narrow enough as it is
(01:16 / Allies) timg4strok: this is second peak fyi
(01:23 / Allies) Mata.: yeah i know it
(01:29 / Allies) timg4strok: tellin blinn
(01:34 / Allies) timg4strok: blinn send 2 guy tower team to my base pls
(01:38 / Allies) Blinn: they on their way soon
(01:39 / Allies) Mata.: whatever i'm doing all the deforesting
(01:52 / Allies) timg4strok: i think i shall get alch
(02:00 / Allies) Mata.: ty for reminding
(02:02 / Allies) Mata.: almost got archm
(02:06 / Allies) Mata.: getting dranger
(02:07 / Allies) Mata.: or panda?
(02:08 / Allies) timg4strok: hiding wisps everywhere
(02:09 / Allies) Mata.: nah dranger
(02:50 / Allies) timg4strok: ill try to put shit in front of the towers OK
(02:53 / Allies) Mata.: blinn did you see that replay with the flying blades
(03:00 / Allies) Blinn: yeah charging fearlessly
(04:46 / Allies) Mata.: ty
(04:54 / Allies) Blinn: ok am i going bats here
(05:42 / Allies) timg4strok: owned
(05:43 / Allies) timg4strok: so
(05:44 / Allies) timg4strok: bad
(05:58 / Allies) Blinn: thanks timg
(06:04 / Allies) Blinn: wanna creep out an expo for either of us?
(06:14 / Allies) Mata.: you guys are behind
(06:19 / Allies) timg4strok: come linn
(06:25 / Allies) Blinn: ok nearly finished with this fag
(06:43 / Allies) timg4strok: assassin im
(06:43 / Allies) timg4strok: imo
(07:12 / Allies) Mata.: so zep will be getting available soon righte
(07:20 / Allies) Mata.: hope some +12 claws drop so i can buy them
(07:21 / Allies) timg4strok: think so
(08:11 / Allies) Mata.: relocating your wisp
(08:18 / Allies) timg4strok: go for it
(08:19 / Allies) Mata.: you can send more later
(08:20 / Allies) Blinn: timg you got spare lum
(08:30 / Allies) timg4strok: ill uproot that
(08:35 / Allies) timg4strok: i just dont think my base is safe enough
(08:41 / Allies) Blinn: more towers?
(08:52 / Allies) timg4strok: l o l
(08:57 / Allies) Mata.: damn
(09:42 / Allies) Blinn: and so it begins
(09:54 / Allies) Mata.: that is how it begins
(10:08 / Allies) Mata.: need masters
(10:27 / Allies) timg4strok: ohshit
(10:29 / Allies) timg4strok: images on pults
(11:35 / Allies) timg4strok: fuck
(11:37 / Allies) timg4strok: you block mata
(11:53 / Allies) Blinn: i'm about to get a lightning orb so hopefully that'll help
(11:55 / Allies) Mata.: dang
(12:06 / Allies) timg4strok: tower
(12:41 / Allies) Blinn: lumber please
(12:50 / Allies) Blinn: thanks
(13:11 / Allies) Mata.: yo it's way way way too early to lose bases
(13:13 / Allies) Mata.: i'd be broke
(13:27 / Allies) Mata.: bat something soon
(13:29 / Allies) Mata.: get them off our balls
(13:31 / Allies) Blinn: argh
(13:36 / Allies) timg4strok: chims pumping
(13:48 / Allies) Mata.: up on the mountain
(13:50 / Allies) Mata.: chims will be useless
(14:02 / Allies) timg4strok: oosp
(14:10 / Allies) Mata.: i need lumber
(14:43 / Allies) timg4strok: get armor u8pgrade for towers
(14:46 / Allies) timg4strok: blinn
(14:52 / Allies) Blinn: thanks
(15:12 / Allies) Mata.: anyawy they've put vision wards at my expo
(15:12 / Allies) Blinn: almost got enough bats to do something significant
(15:14 / Allies) Blinn: i think i'll hit the NE
(15:29 / Allies) Mata.: ya
(16:04 / Allies) Mata.: do we have any detection
(16:12 / Allies) Mata.: gotta peep that
(16:14 / Allies) Blinn: you could get a few gyros
(16:34 / Allies) Blinn: sending bats
(16:58 / Allies) Mata.: watch out for fiends, bat man
(17:32 / Allies) Blinn: ne going down
(17:58 / Allies) Mata.: timg base is gone
(18:35 / Allies) Blinn: well i got NE main
(18:39 / Allies) Mata.: gjgjg
(19:13 / Allies) Mata.: timg lumber me some
(19:25 / Allies) Mata.: whereis zep
(19:29 / Allies) Mata.: nm found
(19:37 / Allies) timg4strok: start towering
(19:39 / Allies) timg4strok: ill clear
(19:45 / Allies) Mata.: opening the second peak
(19:55 / Allies) Blinn: do i need to get involved with this or are you two taking care of it?
(19:55 / Allies) timg4strok: dojnt
(20:01 / Allies) timg4strok: youll block first tower
(20:07 / Allies) Mata.: i know
(20:09 / Allies) Mata.: that is why i cancelled it
(20:23 / Allies) Mata.: blinn you'll want an altar up here
(20:27 / Allies) Mata.: and a staff to get up and down
(20:39 / Allies) Blinn: where's a shop
(20:45 / Allies) Blinn: ok cool
(21:01 / Allies) Mata.: owned blinnnn
(21:10 / Allies) Mata.: i'll bail a peon out for you
(21:13 / Allies) Blinn: i need to actually tp to my base though
(21:16 / Allies) Blinn: you just wanted it for frivolity
(21:50 / Allies) timg4strok: why
(21:54 / Allies) Blinn: because im dumb
(21:57 / Allies) timg4strok: go out with no mana
(22:03 / Allies) Blinn: i thought I had more than I did
(22:13 / Allies) Blinn: where can I put my altar here
(22:25 / Allies) Mata.: hold on for a minute
(22:27 / Allies) timg4strok: balley
(22:27 / Allies) Mata.: res hero at base first
(22:28 / Allies) timg4strok: valley
(22:30 / Allies) Mata.: i'll clear out valley
(22:40 / Allies) Blinn: so should I save bats or go hit a base?
(22:54 / Allies) timg4strok: fuck
(22:55 / Allies) Mata.: haha thanks t
(23:17 / Allies) Mata.: wow
(23:17 / Allies) Mata.: death
(23:18 / Allies) Mata.: and
(23:19 / Allies) Mata.: decay
(23:22 / Allies) Mata.: nice levelup too
(23:24 / Allies) timg4strok: yes
(23:40 / Allies) timg4strok: 2 level ups
(23:45 / Allies) Mata.: xd
(23:49 / Allies) timg4strok: wyrm and lich
(23:54 / Allies) Mata.: still five gs left in mine
(23:57 / Allies) Blinn: got blues expo
(24:07 / Allies) Blinn: maybe not
(24:37 / Allies) Blinn: he is tping a lot
(25:02 / Allies) Mata.: blinn
(25:05 / Allies) Mata.: i'm putting your peons to work
(25:08 / Allies) Blinn: go ahead
(25:16 / Allies) Mata.: less than minimum wage if you know what i mean
(25:17 / Allies) timg4strok: almost got tmute
(25:45 / Allies) Mata.: it's warded
(25:50 / Allies) Mata.: they jump it every time i go there
(25:51 / Allies) Mata.: trailed it for a while though
(25:56 / Allies) Mata.: wotrh a shott
(25:59 / Allies) timg4strok: retaking
(26:04 / Allies) timg4strok: ffff
(26:22 / Allies) Mata.: staff out
(26:24 / Allies) Blinn: dis base is gone
(26:46 / Allies) Mata.: timg i need lumber superbad
(26:49 / All) LohanNipSlip: yeah right
(26:51 / All) LohanNipSlip: noob strategy
(26:57 / Allies) Blinn: i got like 1700
(26:59 / Allies) Mata.: :(
(27:00 / Allies) timg4strok: tp to it blinn
(27:01 / Allies) timg4strok: tp
(27:04 / Allies) Blinn: argh cooldown
(27:22 / Allies) Mata.: wowwwwwwww
(27:24 / Allies) Blinn: discovered :(
(27:36 / Allies) Blinn: ok timg should I tp to it or stay here you can only choose one
(27:37 / Allies) timg4strok: they foudn it?
(27:40 / Allies) Mata.: yes
(27:44 / Allies) timg4strok: kill
(27:55 / Allies) timg4strok: third peak discovered
(28:24 / Allies) Mata.: got some combat ready dhawks up there
(28:29 / Allies) timg4strok: same
(28:37 / Allies) timg4strok: killing some worker for L6
(28:43 / Allies) timg4strok: need 66 exp
(28:48 / Allies) Mata.: xd
(28:56 / Allies) Blinn: how is xp divided
(29:11 / Allies) timg4strok: got tmute
(29:15 / Allies) Mata.: v nice
(29:25 / Allies) timg4strok: ill kill the siege
(29:31 / Allies) Mata.: watch for wyrms
(29:32 / Allies) Blinn: mata do you want me to build anything up here?
(29:41 / Allies) timg4strok: 308
(29:41 / Allies) timg4strok: wow
(29:47 / Allies) Mata.: ya
(30:19 / Allies) timg4strok: its almost cooled
(30:24 / Allies) Mata.: get a wyrm
(30:36 / Allies) Blinn: i'm going on worker genocide down here
(30:57 / Allies) Mata.: tped up
(31:04 / Allies) Mata.: this is end for my base
(31:48 / Allies) Mata.: clearing out the valley
(31:53 / Allies) Mata.: ty ty
(32:00 / All) T-Train: leave please
(32:11 / Allies) Mata.: ty blinn ty
(32:19 / Allies) Blinn: i can only really spend it on hero revives at this point
(32:21 / All) timg4strok: GG and GL. Clan TgX for Re-Plays.
(32:37 / Allies) timg4strok: making altar
(32:44 / Allies) Blinn: i've pretty much gotten from 4 to 5 off expansions and workers
(32:45 / Allies) Mata.: kk
(33:31 / Allies) Mata.: ugh no lumber mmille
(33:38 / Allies) timg4strok: make one up here
(33:46 / Allies) Mata.: don't quite fit
(33:49 / Allies) Mata.: i'll put it on second peak
(34:10 / Allies) timg4strok: not enough aa up here
(34:13 / Allies) Mata.: we clearing out room for your altar here
(34:42 / Allies) timg4strok: nice potion i got
(34:43 / Allies) Blinn: towering up imo
(34:57 / Allies) Mata.: they probably got you warded blinn
(35:03 / Allies) Mata.: now they do
(35:10 / Allies) Mata.: blaze it
(35:20 / Allies) Blinn: what mean you sir
(35:36 / Allies) Blinn: can i put up my altar here?
(35:46 / Allies) Mata.: you tell me
(35:47 / Allies) Mata.: is there room
(35:48 / Allies) Mata.: ya
(36:15 / Allies) Mata.: building more hawk
(36:16 / Allies) Blinn: if i get six from peons alone
(37:02 / Allies) timg4strok: make more hawk pls
(37:06 / Allies) Mata.: am
(37:16 / Allies) Mata.: i aint the richest nigga
(37:17 / Allies) timg4strok: they have like 400k down there
(37:20 / Allies) Blinn: checking market
(37:24 / Allies) timg4strok: we got no aa
(37:32 / Allies) Mata.: i cant afford to visit market
(37:35 / Allies) Mata.: maybe if you cjack them though
(37:39 / Allies) Mata.: and take item
(37:41 / Allies) Blinn: i checked the market
(37:44 / Allies) Blinn: but they have wards or some shit
(37:48 / Allies) Blinn: and chims
(38:59 / Allies) Blinn: gogo
(39:00 / Allies) Mata.: this is it boys
(39:23 / Allies) Blinn: massacre
(39:32 / Allies) Blinn: absolute massacre
(39:33 / Allies) Mata.: that went well
(39:41 / Allies) timg4strok: got orb of dankness
(39:46 / Allies) Mata.: dang nigg what for
(39:50 / Allies) timg4strok: dropped
(39:53 / Allies) Mata.: oh
(39:54 / Allies) Mata.: nice :-)
(39:55 / Allies) timg4strok: they left
(39:55 / Allies) timg4strok: lmao
(40:06 / Allies) Blinn: haha tauren
(40:07 / Allies) Blinn: transmute
(40:08 / Allies) Blinn: is awesome
(40:13 / Allies) Blinn: how much did you get?
(40:17 / Allies) timg4strok: 240?
(40:17 / Allies) Mata.: 280
(40:18 / Allies) Mata.: for tauren
(40:21 / Allies) Mata.: close enough
(40:32 / Allies) Blinn: yo mata can I get like 100 gold to buy myself some boots?
(40:34 / All) LohanNipSlip: you guys are gay...we could sit here all day
(40:40 / All) Mata.: we plan on it
(40:40 / All) timg4strok: we could
(40:46 / Allies) timg4strok: transmuting giant
(40:48 / Allies) timg4strok: please dont have skin
(40:49 / All) TheGreatTim: ok, we'll just give up
(40:50 / Allies) Blinn: thx mata
(40:53 / Allies) timg4strok: fucke
(40:55 / Allies) Mata.: tmute a yad
(40:56 / Allies) Mata.: or something
(40:58 / Allies) timg4strok: chim
(41:00 / Allies) Mata.: yes
(41:04 / Allies) Mata.: bling bling
(41:06 / Allies) timg4strok: 264
(41:13 / Allies) timg4strok: came down with 400g
(41:17 / Allies) timg4strok: have 1307
(41:25 / Allies) Mata.: transing wyrms is the way to go
(41:39 / Allies) Mata.: okay no more chopping here
(41:41 / Allies) Mata.: rest of trees are protected area
(41:47 / Allies) Blinn: conservation
(41:56 / Allies) Blinn: 15 xp to level 6 :(
(42:01 / Allies) Mata.: that's a peasant
(42:03 / Allies) timg4strok: got a wyrm
(42:12 / Allies) Blinn: got it
(42:17 / Allies) timg4strok: alch so imba
(42:22 / Allies) Mata.: ya alch is fairly imba
(42:36 / Allies) Blinn: should I force
(42:39 / Allies) Blinn: fuck
(42:44 / Allies) Mata.: those beasts
(42:45 / Allies) Mata.: pumping bat?
(42:47 / Allies) timg4strok: owned so bad
(42:53 / Allies) Mata.: get your air further up the mountain timg
(43:00 / Allies) Blinn: i will observe
(43:01 / Allies) Mata.: batrider scare
(43:05 / Allies) Mata.: yes
(43:06 / Allies) Mata.: pick one off
(43:10 / Allies) Mata.: or two or ten
(43:11 / Allies) timg4strok: upg pls
(43:12 / Allies) Blinn: warded
(43:19 / Allies) Mata.: i could cloud and shackle
(43:29 / Allies) timg4strok: you can ww a little early
(43:36 / Allies) Blinn: sorry i just lost my nerve
(43:40 / Allies) timg4strok: no
(43:41 / Allies) timg4strok: im just saying
(43:51 / Allies) Blinn: will come back to this
(43:57 / Allies) timg4strok: youll get the feel for it after 4000 games
(43:59 / Allies) Blinn: good storm opportunity
(44:02 / Allies) timg4strok: of wind walking before your hit
(44:04 / Allies) timg4strok: and having hit go through
(44:13 / Allies) timg4strok: tp target
(44:17 / Allies) Mata.: thing is he doesn't cancel current attack animation after a certain swing point
(44:18 / Allies) timg4strok: if you want to get down and no zap
(44:19 / Allies) Blinn: yup I know
(44:21 / Allies) timg4strok: yes
(44:38 / Allies) Blinn: hey can I get 50 gold or so mata I wanna use a potion of invul to bladestorm that shit
(44:48 / Allies) timg4strok: doesnt invuln you during storm
(44:53 / Allies) Blinn: uh you sure?
(44:55 / Allies) timg4strok: mata you be the bank
(44:55 / Allies) Blinn: i'm pretty sure it does bro
(44:58 / Allies) timg4strok: i am the repo depot
(45:00 / Allies) Mata.: it doesn't
(45:07 / Allies) Blinn: wait what but I did it just the other game
(45:14 / Allies) Mata.: we can be wrong
(45:16 / Allies) Mata.: but this i'm fairly sure about
(45:18 / Allies) timg4strok: gtfo
(45:31 / Allies) timg4strok: fuck
(45:34 / Allies) timg4strok: oh well got a wyrm
(45:41 / Allies) Blinn: argh
(45:43 / Allies) Blinn: balls
(45:43 / Allies) Mata.: this looks bad
(45:54 / All) T-Train: i hope you saved your alter
(45:58 / Allies) Blinn: ok i need 300 gold
(46:08 / Allies) Mata.: timg do it
(46:11 / Allies) timg4strok: you
(46:22 / Allies) Blinn: thanks, i'll try be more careful
(46:30 / Allies) Blinn: i reckoned I could make it out but obviously nope
(46:33 / Allies) timg4strok: just imagine wind walk doesnt invis you
(46:41 / Allies) timg4strok: because with wards and dott it doesnt
(46:42 / Allies) Mata.: at this point that's pretty much tru
(47:02 / Allies) timg4strok: gonna staff ok
(47:03 / Allies) Blinn: well at least we're slowly wearing them down
(47:04 / Allies) Mata.: no
(47:07 / Allies) Mata.: they're closing in on me
(47:08 / Allies) Mata.: wait one second
(47:18 / Allies) Mata.: hm
(47:24 / Allies) timg4strok: sell str
(47:26 / Allies) timg4strok: get scroll
(47:28 / Allies) timg4strok: sell scroll
(47:33 / Allies) Blinn: or just drop str
(47:34 / Allies) Blinn: get scroll
(47:35 / Allies) Mata.: after you tp
(47:36 / Allies) Blinn: sell scroll
(47:37 / Allies) Blinn: get str
(47:41 / Allies) Mata.: selling reveals i think
(47:47 / Allies) timg4strok: be quick
(47:48 / Allies) timg4strok: they there
(47:53 / Allies) timg4strok: can i tp
(47:59 / Allies) Mata.: staff
(48:00 / Allies) Mata.: sure
(48:16 / Allies) Mata.: ne army there
(48:17 / Allies) Blinn: mata you should get a staff of preservation/sanctuary
(48:17 / Allies) timg4strok: chilling til cooldown
(48:22 / Allies) Mata.: for what
(48:25 / Allies) Blinn: charm/staff
(48:29 / Allies) Mata.: oh
(48:32 / Allies) Mata.: when i get charm ya
(48:34 / Allies) Blinn: yo timg what happened to your wisp?
(48:36 / Allies) Mata.: but it's hard, timg isn't tier 2
(48:39 / Allies) timg4strok: killed it
(48:43 / Allies) Blinn: but whyyy
(48:44 / Allies) timg4strok: my tol stuck
(48:48 / Allies) timg4strok: they killed it
(49:03 / Allies) timg4strok: revealed
(49:10 / Allies) timg4strok: going on tmute run
(49:22 / Allies) Mata.: give me some gold and i'll get more hawkles
(49:29 / Allies) timg4strok: nope need gold
(49:33 / Allies) timg4strok: dont want to go under 1300
(49:38 / Allies) timg4strok: tps heroetc
(49:46 / Allies) timg4strok: only ping wyrm chim thanks
(50:05 / Allies) timg4strok: comign
(50:10 / Allies) Mata.: i'm faeried
(50:36 / Allies) timg4strok: staff
(50:37 / Allies) timg4strok: god
(50:37 / Allies) timg4strok: damn
(50:48 / Allies) Mata.: "fuck,"
(50:52 / Allies) Mata.: was looking at the ne
(51:28 / Allies) timg4strok: wish i could tmute buildings
(51:41 / Allies) Mata.: tmute a goldmine
(51:42 / Allies) Mata.: bling
(51:43 / Allies) timg4strok: comign
(51:49 / Allies) timg4strok: go back
(51:51 / Allies) timg4strok: get sight of them pls
(52:04 / Allies) Mata.: :((((
(52:12 / Allies) Mata.: timg ya
(52:14 / Allies) Mata.: real tp
(52:20 / Allies) timg4strok: had to bounce
(52:21 / Allies) Mata.: hahaha they just blasted a chim
(52:26 / Allies) timg4strok: hahaha
(52:32 / Allies) Mata.: poor chim
(52:40 / Allies) timg4strok: oops
(52:43 / Allies) Blinn: now did you pay more for the tp scroll than you got for the unit?
(52:43 / Allies) Mata.: innocent victim in your war of terror timg
(52:53 / Allies) timg4strok: i got like 3 units down there
(52:54 / Allies) Mata.: all in all timg is in the +
(53:18 / Allies) timg4strok: also they lost 385g 120w on wyrm
(53:21 / Allies) timg4strok: or 100w
(53:22 / Allies) timg4strok: or w/e
(53:30 / Allies) Mata.: you can't compare our gold loss to theirs
(53:38 / Allies) Blinn: yeah because they have like 12 gold mines
(53:46 / Allies) Mata.: for it to be good business we have to lose about 0.0001 times as much
(53:49 / Allies) Blinn: should I use the zepp to get down?
(53:50 / Allies) timg4strok: they're also in upkeep
(53:58 / Allies) Mata.: either that or staff onto a dott
(54:19 / Allies) Mata.: :(
(54:47 / Allies) timg4strok: run here so i can staff
(54:50 / Allies) timg4strok: or to other sop
(54:50 / Allies) Blinn: ok
(54:57 / Allies) timg4strok: aaaaaaaaaaaaaaaaaaaaaaaaaaaaaaaaaaaaa
(54:58 / Allies) Mata.: oh sh h h h h h
(55:03 / Allies) Blinn: i'm probably
(55:04 / Allies) timg4strok: keep running
(55:05 / Allies) timg4strok: go
(55:05 / Allies) Mata.: i think they warded the map real well
(55:05 / Allies) timg4strok: run
(55:06 / Allies) Blinn: warded all over
(55:07 / Allies) timg4strok: somewhere
(55:19 / Allies) Mata.: sighted
(55:21 / Allies) Mata.: ww through
(55:24 / Allies) Mata.: or get owned
(55:32 / Allies) Blinn: can't even push 7 twice fast enough
(55:46 / Allies) Blinn: hmm maybe my blade is a little bit useless at this point
(55:47 / Allies) Mata.: loal
(55:57 / Allies) Mata.: gonna try to shackle okay
(56:10 / Allies) Mata.: damn
(56:12 / Allies) Mata.: this is risky as fuck
(56:15 / Allies) timg4strok: dont
(56:21 / Allies) Mata.: but the risk
(56:23 / Allies) Mata.: if we let them live
(56:26 / Allies) Mata.: their next offensive could be our last???
(56:28 / Allies) timg4strok: theyll just rebuild
(56:35 / Allies) Mata.: well i'd get charm maybe
(56:42 / Allies) Mata.: going into high upkeep on dhawk
(56:43 / Allies) Blinn: should i bother reviving my blade or is it not worth it?
(56:57 / Allies) timg4strok: prob not worth it for time being
(57:02 / Allies) Mata.: worth it imho
(57:05 / Allies) Mata.: never know when next hit
(57:05 / Allies) Mata.: well now
(57:13 / Allies) Blinn: need 400 gold
(57:22 / Allies) timg4strok: watch bat
(57:48 / Allies) Mata.: nice
(58:21 / Allies) Mata.: got charm
(58:28 / Allies) Blinn: yo can i get 400 gold
(58:31 / Allies) Blinn: i missed all that xp :(
(59:18 / Allies) timg4strok: lost 1 dott
(59:19 / Allies) Mata.: that went well
(59:20 / Allies) Mata.: imho
(59:25 / Allies) Mata.: i lost like 2 or 3 hawk
(59:31 / Allies) Mata.: all in all i caught the bats well
(59:33 / Allies) Blinn: restore moogul's honor with 400 of your golds
(59:40 / Allies) Mata.: get it from timg i aint got shit
(59:48 / Allies) Blinn: timg moogul the sly pleads you
(60:00 / Allies) Mata.: timg do it you stinking rich
(60:01 / Allies) timg4strok: never giving gold out until i hit 4k
(60:39 / Allies) timg4strok: dropping
(60:49 / Allies) Mata.: what would timg do with 4000 g idk
(60:55 / Allies) timg4strok: called being a jew
(61:02 / Allies) timg4strok: mad bat
(61:03 / Allies) Blinn: too dangerous
(61:04 / Allies) Blinn: for my liking
(61:19 / Allies) Mata.: i only jew when it's necessary
(61:22 / Allies) timg4strok: fuck
(61:23 / Allies) Mata.: blade is pretty useful at this point
(61:23 / Allies) Mata.: atp
(61:25 / Allies) Blinn: pure gayness
(61:29 / Allies) timg4strok: cant get down
(61:34 / Allies) timg4strok: they got bat patrolling
(61:38 / Allies) Blinn: where should I park my blade?
(61:51 / Allies) Mata.: they probably attack s island
(62:06 / Allies) Mata.: i got lots more hawk
(62:17 / Allies) Mata.: + charm
(62:29 / Allies) timg4strok: invis bat would destroy us
(62:32 / Allies) Mata.: if you had mirimage you could jump the islands
(62:34 / Allies) timg4strok: why no arcane sentry
(62:35 / Allies) Mata.: haha wow true
(62:37 / Allies) Mata.: but no hu
(62:47 / Allies) Mata.: no arcane sentry for same reason
(63:02 / Allies) timg4strok: you should be able to charm allies
(63:15 / Allies) Mata.: easy backstab
(63:26 / Allies) Blinn: easy in the sense that you have to be 6 first
(63:59 / Allies) Mata.: i would pull that shit every time i got six in team game
(64:04 / Allies) Mata.: would not be able to resist
(64:13 / Allies) Blinn: damn beetles
(64:17 / Allies) Blinn: prolly don't have sight range
(64:19 / Allies) Blinn: ope he just moved them
(64:37 / Allies) Mata.: this island has a little valley too
(64:52 / Allies) Mata.: loal
(64:54 / Allies) Blinn: followed
(64:55 / Allies) Mata.: hahaha
(64:57 / Allies) Mata.: cancel
(64:58 / Allies) Mata.: fuck dog
(65:01 / Allies) Mata.: tmute then gtfo
(65:06 / Allies) timg4strok: he killed wyrm
(65:11 / Allies) timg4strok: not too bad i guess
(65:12 / Allies) Mata.: because of ffire i guess
(65:21 / Allies) timg4strok: fuck
(65:23 / Allies) Blinn: that should have been a gambit
(65:26 / Allies) timg4strok: chilling base forever
(65:29 / Allies) Blinn: for the REAL thing we're sending down
(65:30 / Allies) timg4strok: chilling in
(65:39 / Allies) Blinn: alt tabbing one sec
(65:45 / Allies) timg4strok: i think maybe they maphacking
(65:49 / Allies) timg4strok: howd they find it so fast
(65:55 / Allies) Mata.: there's nothing we can send down from this mountain they need to fear
(65:58 / Allies) Mata.: except maybe 24 hawk
(66:15 / Allies) timg4strok: if they were smart theyd hit now
(66:27 / Allies) Blinn: they're just trying to outlast us
(66:35 / Allies) Blinn: because they don't want to fight and risk the possibility of a loss
(66:49 / Allies) Mata.: that is only a real possibility when mines run out
(66:50 / Allies) timg4strok: they'll just leave then
(66:53 / Allies) timg4strok: like highperch
(66:54 / Allies) Mata.: and it starts being attrition war
(66:59 / Allies) Blinn: say if i had images
(67:01 / Allies) timg4strok: we'd win most likely
(67:02 / Allies) Blinn: and i did it from where I am
(67:03 / All) LohanNipSlip: laggggerrrr!!!!
(67:03 / Allies) timg4strok: due to tmute and charm also wed lose because mata dropped
(67:04 / Allies) Blinn: o fuk
(67:12 / Allies) timg4strok: every time on this map mata
(67:13 / All) Blinn: manner pls
(67:18 / Allies) timg4strok: you either drop or go afk for dinner
(67:56 / Allies) Blinn: so i mean would i go all the way to the bottom
(67:59 / Allies) Blinn: into where blue is now?
(68:19 / Allies) Mata.: there is enough room on your little island
(68:25 / Allies) Blinn: hmm damn
(68:26 / Allies) Mata.: for four images
(68:29 / Allies) Mata.: and you'd path around
(68:35 / Allies) Mata.: to that little hole probably
(68:46 / Allies) Blinn: blizzard! :argh:
(69:01 / All) timg4strok: AFK
(69:04 / Allies) Blinn: reveal
(69:06 / Allies) Mata.: revealing
(69:21 / Allies) Mata.: i am conceiling real number of dhawk
(69:22 / Allies) Blinn: i reckon my bm being this far out is relatively safe because I can just WW
(69:30 / Allies) Blinn: not like they can put wards up here
(69:30 / Allies) Mata.: sure
(69:32 / Allies) Mata.: or staff or whatever
(69:52 / Allies) Mata.: if they attack from, that side i staff to it for charm
(70:13 / Allies) Blinn: don't even test your luck
(70:34 / Allies) Blinn: have they stopped patrolling?
(70:37 / Allies) Mata.: grabbing that batsquad
(70:44 / Allies) Blinn: mata you are too dangerous
(71:03 / Allies) Mata.: durn
(71:43 / Allies) Mata.: watch the bats timg
(71:47 / Allies) timg4strok: i am
(71:47 / Allies) Mata.: haha
(71:48 / Allies) Mata.: tp
(71:49 / Allies) timg4strok: trying to lure
(71:58 / Allies) Mata.: there they are
(72:06 / Allies) timg4strok: there are bats lmoa
(72:12 / Allies) Blinn: lots of deez bats
(72:21 / Allies) Mata.: ready for a charm and smute
(72:28 / Allies) Blinn: close close
(72:29 / Allies) timg4strok: yes sir
(72:33 / Allies) Mata.: real them in
(72:36 / Allies) timg4strok: reel
(72:42 / Allies) Mata.: fuck
(72:43 / Allies) Mata.: goddamn
(72:46 / Allies) Mata.: that was close shit
(73:20 / Allies) Mata.: haha
(73:29 / Allies) Mata.: its like fishing
(73:30 / Allies) Blinn: three against thebes
(73:47 / Allies) Blinn: haha nice
(73:50 / Allies) timg4strok: noob fishing
(73:53 / Allies) Blinn: downhill sniping
(73:55 / Allies) Mata.: fishing for noobs
(74:03 / Allies) Blinn: ooh
(74:13 / Allies) Mata.: haha bats now
(74:15 / Allies) Blinn: i'd love to see those bats
(74:15 / Allies) timg4strok: trying to ff bats
(74:21 / Allies) Blinn: go straight into the towers
(74:30 / Allies) Mata.: i want to charm one and ram him into rest
(74:35 / Allies) Blinn: literally 50 food
(74:37 / Allies) Blinn: haha yes
(74:45 / Allies) Blinn: trans
(74:48 / Allies) Blinn: aw yeah
(74:53 / Allies) Mata.: no idea what i'm going to do with this chim
(75:02 / Allies) Blinn: haha i like it
(75:10 / Allies) Blinn: it has enough range right?
(75:11 / Allies) Mata.: in a while
(75:14 / Allies) timg4strok: thats one less chim that they have'
(75:15 / Allies) Mata.: chim has siege range
(75:47 / Allies) Mata.: i wish weapon upgrades would get charmed too
(75:50 / Allies) Mata.: instead of just abilities
(75:59 / Allies) Mata.: i'd be 3/3 elven animal
(76:13 / Allies) timg4strok: wish i had cloak of shadow
(76:24 / Allies) Blinn: one for 100 gold at the marketplace
(76:27 / Allies) Blinn: though we're not getting down
(76:45 / Allies) Mata.: where did that come frmo
(76:47 / Allies) Blinn: towerz
(76:56 / Allies) Blinn: mata do you mind if I harass with your chim
(76:58 / Allies) Blinn: i promise I won't lose it
(77:03 / Allies) Mata.: sure brah whatev
(77:08 / Allies) Mata.: it'll die to 3 bats
(77:10 / Allies) Mata.: because no armor ups
(77:11 / Allies) timg4strok: no biggie if you lose
(77:22 / Allies) Mata.: if he moves in with 2 bats, just stare them down
(77:30 / Allies) Mata.: gonna move one shackler up here
(77:34 / Allies) timg4strok: towers
(77:41 / Allies) Mata.: ha
(77:43 / Allies) Mata.: whatever i got cloud
(77:50 / Allies) timg4strok: kill towers with chim
(78:02 / Allies) Mata.: fuck i let go of him
(78:03 / Allies) Mata.: damn
(78:04 / Allies) Mata.: lag
(78:25 / Allies) Mata.: bats
(78:29 / Allies) Blinn: i can see them coming a mile away
(78:31 / Allies) Blinn: just gonna go back and forth
(78:39 / Allies) Blinn: or maybe not
(78:39 / Allies) Mata.: they're still revealing xd
(78:41 / Allies) timg4strok: do you see this pro
(78:43 / Allies) timg4strok: watch
(78:45 / Allies) Mata.: what u do
(78:52 / Allies) Blinn: haha i like it
(78:53 / Allies) Mata.: nice
(78:55 / Allies) Blinn: i say tp
(79:03 / Allies) Mata.: if they ever commit
(79:16 / Allies) Blinn: incoming bat
(79:25 / Allies) timg4strok: ffff
(79:39 / Allies) Mata.: :(((
(79:39 / Allies) timg4strok: what the hell
(79:45 / Allies) timg4strok: i was clicking map
(79:47 / Allies) timg4strok: like mosnter
(80:04 / Allies) Mata.: let them det a bat on you
(80:06 / Allies) Mata.: they just waste gold
(80:09 / Allies) Blinn: yeah i got them to do one
(80:17 / Allies) Blinn: another died to towers
(80:21 / Allies) Mata.: saw
(80:29 / Allies) Mata.: we get exp for every watch tower you kill
(80:52 / All) LohanNipSlip: this game blows
(80:54 / Allies) timg4strok: dont kill my wells ty
(81:05 / Allies) Blinn: by kill you mean use up?
(81:08 / Allies) timg4strok: si
(81:11 / Allies) Blinn: sorry
(81:14 / Allies) timg4strok: np
(81:16 / Allies) Mata.: what are you using them for timmyboy
(81:24 / Allies) timg4strok: what if i need them
(81:28 / Allies) timg4strok: i can heal you with alch
(81:34 / Allies) timg4strok: my mana heals a lot faster
(81:36 / Allies) Blinn: jesus christ
(81:42 / Allies) Blinn: dotts in flying form are imba
(82:07 / Allies) Mata.: silence was shitty skill decision
(82:11 / Allies) Blinn: nooo
(82:12 / Allies) Mata.: fuck
(82:14 / Allies) Mata.: he wasn't at full hp
(82:14 / Allies) Blinn: sorry
(82:19 / Allies) timg4strok: np
(82:21 / Allies) Blinn: i don't think that would've made a difference
(82:23 / Allies) timg4strok: chim suck for this imo
(82:24 / Allies) timg4strok: for us
(82:33 / Allies) Mata.: chim can survive 2 bat
(82:36 / Allies) Blinn: ah right
(82:40 / Allies) Mata.: and have sliver of red
(82:48 / Allies) Blinn: with or without armour upgrades?
(82:53 / Allies) Mata.: with it can do 3
(83:11 / Allies) timg4strok: id save some g mata
(83:18 / Allies) Blinn: i reckon getting a frosty
(83:18 / Allies) Mata.: too leight now
(83:20 / Allies) Blinn: would be awesome
(83:25 / All) LohanNipSlip: this is why you like to play warcraft?
(83:32 / Allies) timg4strok: shackle then stop
(83:33 / Allies) Mata.: they're being real jews with the wyrms
(83:34 / Allies) timg4strok: and run back
(83:41 / Allies) Blinn: to charm it would be a joy
(83:50 / Allies) timg4strok: i meant a wyrm
(83:51 / Allies) timg4strok: damn
(83:52 / Allies) Blinn: i don't think that's what he meant
(83:58 / Allies) Mata.: wouldn't have made diff
(84:00 / Allies) timg4strok: yes
(84:04 / Allies) timg4strok: wouldve been 500 feet away
(84:13 / Allies) timg4strok: you ran right into wyrm to get guy in back
(84:16 / Allies) Blinn: reveal is 50 gold per right?
(84:19 / Allies) Mata.: oh well
(84:22 / Allies) timg4strok: yes
(84:22 / Allies) Mata.: perspective is ruining me
(84:49 / Allies) timg4strok: fuck
(84:54 / Allies) timg4strok: wish i could scroll out mroe
(84:55 / Allies) Blinn: how can those towers shoot so far
(85:02 / Allies) timg4strok: they arent
(85:07 / Allies) timg4strok: its like 400r ange
(85:07 / Allies) Blinn: optical illusion
(85:13 / Allies) Mata.: they are waging a ground war
(85:39 / Allies) Mata.: they are landing there XD
(85:42 / Allies) Blinn: how do they think
(85:44 / Allies) Blinn: that will work?
(85:49 / Allies) Mata.: get pults on the mountain
(85:52 / Allies) Mata.: and we have a new problem
(86:05 / Allies) timg4strok: we always lose from the south
(86:17 / Allies) Mata.: nah not always
(86:19 / Allies) Blinn: have you ever tried
(86:27 / Allies) Blinn: here or
(86:30 / Allies) Blinn: here
(86:31 / Allies) Mata.: yeah one game we towered all the mountains
(86:38 / Allies) Mata.: it's pretty expensive thougth
(86:43 / Allies) Mata.: this one is biggest
(86:47 / Allies) Mata.: and has protected valley for all tech
(87:28 / Allies) Mata.: timg has lot of lumber (l.o.l.)
(87:36 / Allies) Blinn: one might say
(87:37 / Allies) Blinn: he has
(87:38 / Allies) Blinn: wood
(87:58 / Allies) timg4strok: healing spray should heal towers
(88:05 / Allies) Mata.: they're almost done with that cliff
(88:07 / Allies) Mata.: for what it's worth
(88:14 / Allies) timg4strok: they are all in crazy high upkeep too
(88:18 / Allies) Blinn: to be fair at this point
(88:20 / Allies) Blinn: we have lost
(88:22 / Allies) Mata.: i have no idea what the big deal is
(88:25 / Allies) Mata.: with trees of life
(88:29 / Allies) Blinn: just a challenge to see how long we can stay here
(88:45 / Allies) Mata.: loving the massive blockade thugh
(88:55 / Allies) Blinn: if only we had like a wisp or something on the outside
(89:04 / Allies) Mata.: if we wanted to get off i could cloud a door
(89:18 / Allies) Blinn: could just be suicidal though
(90:00 / Allies) timg4strok: guardian of teh valley
(90:13 / Allies) Mata.: wyrmsign
(90:17 / Allies) Blinn: fish
(90:22 / Allies) Blinn: o fuk
(90:23 / Allies) Mata.: yes
(90:24 / Allies) Mata.: pult
(90:33 / Allies) Blinn: gotcha
(90:34 / Allies) Mata.: thank you
(90:35 / Allies) Mata.: v much
(90:36 / Allies) timg4strok: i tmute one you charm
(90:39 / Allies) Blinn: sorry
(90:40 / Allies) timg4strok: alkmsot
(90:51 / Allies) Mata.: they're burning our trees
(90:56 / Allies) Blinn: those bastards
(90:58 / Allies) timg4strok: f
(91:00 / Allies) timg4strok: f
(91:02 / Allies) Blinn: soo cloose
(91:21 / Allies) timg4strok: see
(91:23 / Allies) timg4strok: i click map
(91:23 / Allies) Blinn: who did that
(91:25 / Allies) timg4strok: but wrong moving
(91:30 / Allies) Blinn: how odd
(91:41 / Allies) timg4strok: ugh
(91:46 / Allies) Mata.: mb you miss map and hit bottom of screen
(91:46 / Allies) timg4strok: i was clicking just above map i think
(92:11 / Allies) Blinn: what kinda range do frosties have?
(92:13 / Allies) timg4strok: dont let them see etc
(92:16 / Allies) Mata.: 300 range
(92:21 / Allies) Blinn: that's kinda pathetic
(92:34 / Allies) Mata.: here we go
(92:45 / Allies) timg4strok: charma bat and blow up the zep
(92:52 / Allies) Blinn: why
(92:53 / Allies) timg4strok: mata
(92:58 / Allies) Mata.: i did not do that
(93:03 / Allies) Blinn: i sure as hell didn't
(93:26 / Allies) Blinn: got it
(93:44 / Allies) Blinn: ok who is doing that
(93:47 / Allies) timg4strok: hold postitiong idk
(93:52 / Allies) Mata.: i have wyrm
(93:57 / Allies) Blinn: ok
(94:03 / Allies) Mata.: having it hit the pult
(94:03 / Allies) Mata.: once
(94:13 / Allies) Mata.: like so
(94:16 / Allies) Mata.: dig?
(94:17 / Allies) Blinn: damn charm has a short cooldown
(94:18 / Allies) Blinn: i dig
(94:27 / Allies) timg4strok: do again
(94:42 / Allies) Mata.: ty god
(94:46 / Allies) Blinn: i was gonna suicide
(94:47 / Allies) Blinn: zep
(94:49 / Allies) Blinn: bad idea?
(94:52 / Allies) timg4strok: no
(94:53 / Allies) timg4strok: good idea
(94:54 / Allies) Mata.: that won't kill the pult
(94:57 / Allies) Blinn: ah well
(95:05 / Allies) timg4strok: bat dott maybe
(95:06 / Allies) Mata.: wyrming the pult again
(95:06 / Allies) timg4strok: or save
(95:16 / Allies) timg4strok: charm a dott if possible
(95:19 / Allies) timg4strok: would be very nice
(95:25 / Allies) timg4strok: move bladem
(95:29 / Allies) timg4strok: out of front line
(95:33 / Allies) timg4strok: charm and tmute gotta run
(95:37 / Allies) timg4strok: back and forth u no
(95:46 / Allies) timg4strok: hit zep
(95:47 / Allies) Mata.: close imho
(95:52 / Allies) Mata.: hahahahaha
(95:53 / All) timg4strok: haha
(95:59 / Allies) timg4strok: 192g
(96:04 / Allies) Mata.: hitting pulte
(96:09 / Allies) timg4strok: hold position yo
(96:14 / Allies) timg4strok: bat it
(96:15 / Allies) timg4strok: they clumped
(96:16 / Allies) Blinn: bat what
(96:48 / Allies) timg4strok: get off front line pls
(96:49 / Allies) Mata.: new zepp
(97:03 / Allies) timg4strok: need maximum mobility
(97:27 / Allies) Mata.: odd
(97:50 / Allies) Mata.: goldan showa
(98:02 / Allies) Blinn: whats up there
(98:10 / Allies) timg4strok: they pulled nback
(98:15 / Allies) Mata.: they repaired lole
(98:18 / Allies) timg4strok: i was thinking maybe they try another front
(98:36 / Allies) Mata.: i could gun down the zep with dhawk
(98:41 / Allies) Mata.: light armor
(98:42 / Allies) Blinn: not worth it
(98:44 / Allies) Mata.: one volley
(98:48 / Allies) Blinn: o rite
(98:53 / Allies) timg4strok: theyd see you coming
(98:54 / Allies) Blinn: but the dotts have such a high movespeed
(98:58 / Allies) Mata.: ya
(99:04 / Allies) Blinn: like 522 or some shit
(99:11 / Allies) Mata.: if they move up that far
(99:15 / Allies) Mata.: we can hit with heroes
(99:18 / Allies) Mata.: don't think they dat dum
(99:53 / Allies) timg4strok: ffd the siege
(99:57 / Allies) Blinn: good call
(100:02 / Allies) Mata.: they might bring it down to bolish
(100:35 / Allies) Blinn: getting interesting
(100:58 / Allies) timg4strok: keep bladem in back no blocks pls
(101:04 / Allies) Mata.: close to smute imho
(101:25 / Allies) Mata.: dang what is a niggas range anyway
(101:27 / Allies) Blinn: constant vigilance
(101:29 / Allies) timg4strok: srsly
(101:35 / Allies) Mata.: heal this wyrm
(102:07 / Allies) Blinn: we just need to do this like 10 more times and we have
(102:11 / Allies) Blinn: frost wyrm army
(102:28 / Allies) Mata.: he's burrowing his frost wyrms deep behind towers
(102:29 / Allies) Blinn: i feel like i should have saved my bats
(102:38 / Allies) Mata.: you'd have used by now probably
(102:40 / Allies) Mata.: anyway
(102:48 / Allies) Mata.: wow
(102:52 / Allies) Mata.: i got
(103:09 / Allies) Mata.: maybe silence not so bad idea
(103:10 / Allies) Blinn: that was terrible by them
(103:15 / Allies) timg4strok: oh wow yeah'1
(103:28 / Allies) timg4strok: oom
(103:30 / Allies) Blinn: ok 3 full hp wyrms
(103:36 / Allies) timg4strok: no more healing for a while use my wells pls
(103:40 / Allies) Blinn: right on
(103:49 / Allies) timg4strok: need all mana for tmute
(103:51 / Allies) Mata.: i think they'll be using air less
(103:53 / Allies) Mata.: and lich more
(103:58 / Allies) Blinn: liiiich
(104:00 / Allies) Mata.: eq
(104:03 / Allies) Blinn: oh shit
(104:03 / Allies) Mata.: OO
(104:07 / Allies) timg4strok: wish i could smute him
(104:09 / Allies) Mata.: eq range is smaller
(104:16 / Allies) Blinn: silence up?
(104:21 / Allies) Mata.: yeah
(104:25 / Allies) timg4strok: \silence like 10 sec cd
(104:33 / Allies) Blinn: earthquake like 180 seconds i'm guessing
(104:35 / Allies) timg4strok: they gonna alt ults
(104:37 / Allies) timg4strok: alternate
(104:41 / Allies) timg4strok: yes
(104:49 / Allies) Mata.: at that point i don't know what to do
(104:55 / Allies) Mata.: 10 seconds of dnd would break our towers
(105:02 / Allies) timg4strok: if you could get both
(105:06 / Allies) timg4strok: with one sielnce
(105:07 / Allies) timg4strok: would be good
(105:14 / Allies) Mata.: ya
(105:16 / Allies) Mata.: that would be i deal
(105:48 / Allies) Mata.: trading blows
(105:55 / Allies) Blinn: should i bat em
(105:57 / Allies) Mata.: a nigga has to conserve mana
(106:03 / Allies) Mata.: hey if you want
(106:08 / Allies) timg4strok: no
(106:08 / Allies) Mata.: you can only really kill 1 unit though
(106:10 / Allies) timg4strok: save up bats
(106:12 / Allies) Blinn: ok
(106:15 / Allies) timg4strok: at leastr
(106:35 / Allies) Mata.: wow
(106:37 / Allies) Mata.: lich has a lot of mana
(106:44 / Allies) Blinn: 50 int has something
(106:48 / Allies) Blinn: to do with it
(107:04 / Allies) Mata.: still has the regen rate of al evel 3 archmage
(107:20 / Allies) timg4strok: mines are dead by now
(107:26 / Allies) Mata.: definitely
(107:36 / Allies) timg4strok: remember when ray used to do hack to show gold./wood/food
(107:40 / Allies) Mata.: hahahaha
(107:40 / Allies) Mata.: yeah
(107:44 / Allies) Blinn: should i try chip away at their towers?
(107:45 / Allies) timg4strok: that would be sweet
(108:02 / Allies) timg4strok: thats suicide
(108:03 / Allies) timg4strok: with wyrm
(108:07 / Allies) Blinn: right ok
(108:12 / Allies) Blinn: was just gonna hit the low hp ones
(108:53 / Allies) Mata.: i'm too quick on the silence
(108:57 / Allies) Mata.: i don't think i have cancelled his dnd yet
(109:07 / Allies) Blinn: gog
(109:09 / Allies) Mata.: there we do
(109:25 / Allies) Blinn: shit i pulled a timg
(109:32 / Allies) timg4strok: look
(109:34 / Allies) timg4strok: dont move when im healing
(109:38 / Allies) timg4strok: because i got them in radius
(109:44 / Allies) Blinn: ok sorry
(109:50 / Allies) Blinn: difficult to know when you're gonna do it though
(109:50 / Allies) timg4strok: unless youre running back and i throw a heal down in your line
(110:20 / Allies) Mata.: haha
(110:21 / Allies) Mata.: bombed
(110:35 / Allies) Blinn: just to let you knwo that wasn't me
(110:36 / Allies) timg4strok: be careful please
(110:47 / Allies) Mata.: dnd will be cold soon
(110:47 / Allies) Blinn: i won't use them for a bit
(110:55 / Allies) Mata.: we running out of towers
(110:59 / Allies) Mata.: you think they're using farsight
(111:00 / Allies) Mata.: or reveal
(111:05 / Allies) timg4strok: reveal
(111:05 / Allies) Blinn: prolly got a tome
(111:16 / Allies) Mata.: fs is oom
(111:19 / Allies) Mata.: so guessing farsite
(111:34 / Allies) timg4strok: wasting mana on mah h e r o
(111:46 / Allies) timg4strok: if we lost towers
(111:49 / Allies) timg4strok: we stay on this island
(111:51 / Allies) Mata.: yes
(111:52 / Allies) timg4strok: we have enough air support
(111:55 / Allies) timg4strok: we cannot lose this island
(111:56 / Allies) Mata.: if we let go of this island it's beginning of end
(112:12 / Allies) Blinn: if i could just get down there
(112:16 / Allies) Blinn: i reckon I could kill some dotts
(112:17 / Allies) Mata.: yeah
(112:23 / Allies) Mata.: we'd have to use an elevator
(112:24 / Allies) Mata.: and it's risky
(112:28 / Allies) Mata.: if i charm a dott i could go for it
(112:36 / Allies) timg4strok: i have 2 dott
(112:37 / Allies) Blinn: damn
(112:39 / Allies) Mata.: lich wants to get all close and personal maybe
(112:40 / Allies) timg4strok: one is never being touched
(112:41 / Allies) Blinn: yeah
(112:49 / Allies) Blinn: maybe use wyrms to bring in dotts?
(112:53 / Allies) timg4strok: if he gets there wyrm will own
(112:56 / Allies) Mata.: shut up lich
(112:57 / Allies) timg4strok: no
(112:59 / Allies) timg4strok: ill bring dott
(113:01 / Allies) timg4strok: dont risk wyrm
(113:14 / Allies) Blinn: well im not using it case I lose it
(113:19 / Allies) Mata.: the towers are going
(113:26 / Allies) Mata.: 4% at a time
(113:27 / Allies) Mata.: they are going
(113:34 / Allies) timg4strok: fucke
(113:44 / Allies) Blinn: lich almost oom
(113:52 / Allies) Mata.: yeap
(113:56 / Allies) Blinn: is he gonna dark ritual shit or what
(114:03 / Allies) timg4strok: god damn
(114:06 / Allies) timg4strok: could you watch wyrm
(114:11 / Allies) Blinn: ok i thought somebody else
(114:12 / Allies) Blinn: had them
(114:13 / Allies) timg4strok: let me take
(114:16 / Allies) Mata.: bandalar?
(114:21 / Allies) timg4strok: orb
(114:21 / Allies) Mata.: what is he doing in the party hause
(114:55 / Allies) Mata.: orb on a ranged hero
(114:57 / Allies) Mata.: not so dangerous
(115:20 / Allies) Mata.: noobs need to quiet down
(115:52 / Allies) Mata.: silence cdown is 4 sec longer tahn duration
(116:12 / Allies) timg4strok: got 0 heal
(116:14 / Allies) timg4strok: be careful
(116:17 / Allies) timg4strok: need mute
(116:41 / All) Mata.: so where are you all from
(116:42 / All) Mata.: usa?
(116:47 / Allies) Blinn: lightning
(116:49 / Allies) Blinn: reaction
(116:55 / All) T-Train: north korea
(117:01 / Allies) Blinn: we got a comedian in tha house
(117:08 / All) LohanNipSlip: i like vagina..u obviously like penis
(117:09 / Allies) Mata.: they got a yad down there
(117:11 / Allies) Mata.: no idea what for
(117:51 / Allies) timg4strok: if only we
(117:54 / Allies) timg4strok: had some siege
(119:00 / Allies) Blinn: haha what's the point
(119:01 / Allies) Blinn: of that
(119:07 / Allies) Mata.: one day i'll program a bot
(119:09 / Allies) Mata.: that can tower for me
(119:17 / Allies) Mata.: I'll call it The Frustrator
(119:42 / Allies) Mata.: save mana imho
(119:46 / Allies) timg4strok: yeah
(119:50 / Allies) timg4strok: thought it was c h e a p
(119:50 / Allies) Blinn: one sec
(120:15 / Allies) Blinn: damn that's a gay spot
(120:29 / Allies) Blinn: wyrm down
(120:30 / Allies) Mata.: damn
(120:33 / Allies) timg4strok: guy died so fast
(121:22 / Allies) Mata.: get dott in smute and
(121:56 / Allies) Mata.: smute that zep
(121:57 / Allies) Blinn: nooo
(122:01 / Allies) timg4strok: i clicked map again
(122:15 / Allies) timg4strok: blinn
(122:19 / Allies) timg4strok: could you keep bladem in back
(122:25 / Allies) timg4strok: there is 0 point to having him block me
(122:33 / Allies) Blinn: you weren't blocked you were rooted but ok
(122:45 / Allies) Mata.: if they land on South Peak then we gonna need blade
(122:47 / Allies) Mata.: to fight like hell
(122:54 / Allies) timg4strok: yeah but not in front line
(122:59 / Allies) timg4strok: with mute/charm warfare
(123:21 / Allies) Mata.: that was last tower
(123:24 / Allies) Mata.: well second to
(123:34 / Allies) Blinn: Dnied
(123:51 / Allies) Mata.: they must have spent a fucking indecent amount of gold
(123:59 / Allies) Mata.: on that tower wall
(124:03 / Allies) Blinn: we have to save the replay and see how much
(124:06 / Allies) Blinn: they have left at this point
(124:19 / Allies) Mata.: whoever has to leave
(124:23 / Allies) Mata.: promise to save replay and watch to ende
(124:25 / Allies) Mata.: and see resources
(124:26 / Allies) Mata.: then tell
(124:44 / Allies) Blinn: damn
(124:48 / Allies) Blinn: we gonna lose dis
(124:54 / Allies) Mata.: yes
(125:03 / Allies) Mata.: but we're going to make it hard to take thi sisland imho
(125:03 / Allies) timg4strok: we lost it in the beginning
(125:08 / Allies) timg4strok: when we decided to mountaineer
(125:11 / Allies) Blinn: well
(125:12 / Allies) Blinn: i meant this peak
(125:14 / Allies) Blinn: but yeah that too
(125:15 / Allies) Mata.: mountaineering is all about losing
(125:25 / Allies) Blinn: by its nature alone it's impossible to win
(125:31 / Allies) Mata.: yo brb
(125:34 / Allies) timg4strok: mountaineering is all about making the win not worth it for them
(125:36 / Allies) Mata.: i am going to grab a drink
(125:42 / Allies) Mata.: control my charming lady
(125:43 / Allies) Blinn: be on silence/charm alert
(125:45 / Allies) timg4strok: got it
(126:36 / Allies) Blinn: if we had our zep we could prolly repair
(126:44 / Allies) timg4strok: waste of gold
(127:48 / Allies) timg4strok: fuck
(127:57 / Allies) timg4strok: mata always goes afk and we lose
(127:58 / Allies) timg4strok: did i call it
(127:59 / Allies) timg4strok: or no
(128:38 / Allies) Mata.: i got
(128:38 / Allies) Mata.: damn
(128:45 / Allies) timg4strok: why the fuck mata
(128:47 / Allies) Blinn: can you charm ezps
(128:48 / Allies) timg4strok: you always go afk and they hit
(129:30 / Allies) timg4strok: dnot use my hero
(129:32 / Allies) timg4strok: need mana for tmute
(129:33 / Allies) Blinn: wasnt me
(129:36 / Allies) Mata.: i was smuting the zep
(129:37 / Allies) Blinn: mata
(129:38 / Allies) Blinn: what you doing
(129:39 / Allies) Mata.: that is important busniess
(129:46 / Allies) timg4strok: somebody bombed fs
(129:51 / Allies) Mata.: i did that to kill
(129:51 / Allies) Blinn: did we get him anyway?
(129:55 / Allies) Mata.: yes
(129:57 / Allies) Blinn: ace
(130:01 / Allies) timg4strok: i could have muted his zeop
(130:05 / Allies) Blinn: this dott in pain
(130:19 / Allies) Blinn: got hit by tail end of chain lightnings
(130:31 / Allies) timg4strok: that dott is to never be touched
(130:36 / Allies) timg4strok: our only chance off
(130:43 / Allies) Blinn: why are you moving back wyrms
(130:56 / Allies) Blinn: now
(130:58 / Allies) Blinn: it gets interesting
(131:02 / Allies) timg4strok: didnt see anybody controlling
(131:44 / Allies) Blinn: damn this is some close shit
(131:52 / Allies) Mata.: if they didnt have gold for heroes
(131:55 / Allies) Mata.: i would laugh until i died
(131:58 / Allies) Mata.: but they're nowhere near that bad yet
(131:59 / Allies) timg4strok: ok matas dott never to be touched
(132:01 / Allies) Mata.: they probably have loads
(132:10 / Allies) Blinn: why are we not using
(132:14 / Allies) Blinn: all of your dhawks
(132:15 / Allies) Blinn: to kill dotts?
(132:19 / Allies) Mata.: bats
(132:23 / Allies) Blinn: they still have bats?
(132:32 / Allies) Mata.: lure again
(132:34 / Allies) Mata.: please
(132:39 / Allies) timg4strok: almost lost dott
(132:58 / Allies) Blinn: if that bastard puts wards up here
(133:14 / Allies) Blinn: nice mute
(133:34 / Allies) timg4strok: oom
(133:40 / Allies) Mata.: save
(133:43 / Allies) Mata.: with bomb we could kill a hero though
(133:46 / Allies) Blinn: shall i lure dotts for charm?
(133:54 / Allies) Mata.: suuuure
(133:58 / Allies) timg4strok: no
(134:01 / Allies) timg4strok: wyrms are almost dead
(134:04 / Allies) Blinn: ok
(134:11 / Allies) Mata.: lich back
(134:15 / Allies) Blinn: gayness
(134:21 / Allies) Blinn: if only we had sobi or brill aura
(134:22 / Allies) timg4strok: the top and right wells you can use
(134:26 / Allies) timg4strok: but dont touch bottom well pls
(134:28 / Allies) Blinn: of course
(134:34 / Allies) Mata.: timg
(134:36 / Allies) Mata.: gave circ of nob
(134:37 / Allies) timg4strok: its for manaing my hero
(134:37 / Allies) Mata.: for mana regen
(134:38 / Allies) timg4strok: ty
(134:53 / Allies) timg4strok: bring bladem gonna heal
(135:06 / Allies) Mata.: i silenced potential kotg
(135:09 / Allies) Mata.: they got cold feet and zepped out
(135:17 / Allies) Blinn: cahrmcahrm
(135:22 / Allies) Mata.: hum
(135:26 / Allies) Mata.: haha
(135:26 / Allies) Blinn: heh
(135:42 / Allies) Blinn: how'd we get sight
(135:47 / Allies) Mata.: invasion
(135:57 / Allies) Mata.: seind air
(136:35 / Allies) Mata.: fucjk
(136:35 / Allies) Blinn: urggh
(136:40 / Allies) Blinn: 425 gold any1
(136:42 / Allies) Mata.: tried to silenc e
(136:47 / Allies) timg4strok: tp
(137:00 / Allies) Blinn: damn
(137:01 / Allies) timg4strok: net
(137:02 / Allies) Blinn: can i get a revive
(137:03 / Allies) timg4strok: they got no bat i think
(137:11 / Allies) Blinn: 500 or so gold
(137:14 / Allies) Mata.: timg heal my air
(137:31 / Allies) Blinn: timg pls 500 of your precious dubloons
(137:44 / Allies) timg4strok: 500 is a lot
(137:49 / Allies) Blinn: i will give back 75
(137:56 / Allies) timg4strok: 425 is a lot
(137:59 / Allies) Blinn: plus didn't you see how much damage I did there
(138:10 / Allies) Mata.: i lost 5 hawk
(138:17 / Allies) Mata.: pretty shit but they probably lost more bats
(138:25 / Allies) Blinn: timg you have 3k what
(138:29 / Allies) Blinn: are you going to spend it on
(138:30 / Allies) Mata.: that is not good
(138:33 / Allies) Mata.: we need to elevators
(139:09 / Allies) Mata.: dr into the valley
(139:10 / Allies) Mata.: but i'm wounded
(139:37 / Allies) Mata.: heal dr please
(139:41 / Allies) timg4strok: maybe not suiciding our units
(139:42 / Allies) timg4strok: is good idea
(139:46 / Allies) Mata.: heal
(139:46 / Allies) Mata.: dr
(140:01 / Allies) timg4strok: no more heals
(140:20 / Allies) Mata.: so
(140:22 / Allies) Mata.: blade is permadead?
(140:24 / Allies) Blinn: yup
(140:32 / Allies) Blinn: well i have peons
(140:34 / Allies) Blinn: so technically no
(140:43 / Allies) Mata.: 1 peon more like
(140:47 / Allies) Blinn: i got two bro
(140:50 / Allies) Mata.: timg have lot of lumber still
(140:59 / Allies) timg4strok: bring them in cl please
(141:01 / Allies) Mata.: dont let him CL off them
(141:36 / Allies) Mata.: we got a lot of air
(141:38 / Allies) Mata.: needin healing
(141:46 / Allies) timg4strok: dont
(141:47 / Allies) timg4strok: move
(141:49 / Allies) timg4strok: fuck
(141:50 / Allies) timg4strok: dont
(141:51 / Allies) timg4strok: move
(141:51 / Allies) timg4strok: them
(142:05 / Allies) timg4strok: mata
(142:07 / Allies) timg4strok: press h
(142:08 / Allies) timg4strok: on air
(142:10 / Allies) timg4strok: its a good key
(142:35 / Allies) Mata.: they're dropping awrds
(142:38 / Allies) Blinn: heaaaling waards
(143:02 / Allies) Mata.: smute the wardsmen
(143:03 / Allies) Blinn: i reckon this game has been like 2 hours
(143:03 / Allies) Mata.: they aggroed me
(143:05 / Allies) Mata.: when i silenced
(143:10 / Allies) timg4strok: spent all mana
(143:13 / Allies) timg4strok: on healing your guys
(143:16 / Allies) timg4strok: because no hold position
(143:21 / All) Mata.: what do you guys think about Anya Eversong? charming lady right
(143:30 / All) LohanNipSlip: gg
(143:31 / Allies) Blinn: quite a pun sir
(143:41 / Allies) Mata.: ty i work hard on these
(143:53 / Allies) timg4strok: MATA
(143:54 / Allies) timg4strok: MATA
(143:55 / Allies) timg4strok: TIMG
(143:56 / Allies) timg4strok: WAIT
(143:58 / Allies) timg4strok: TIMG MATA
(143:58 / Allies) timg4strok: WAIT
(143:59 / Allies) timg4strok: HI
(144:00 / Allies) Mata.: haha
(144:00 / Allies) timg4strok: MATA
(144:01 / Allies) timg4strok: TIMG
(144:02 / Allies) timg4strok: haha
(144:03 / Allies) Mata.: maybe he still hates us
(144:24 / Allies) Mata.: i swear flagon has some sort of
(144:27 / Allies) timg4strok: saving tmute for a zep
(144:28 / Allies) Mata.: stockholm syndrome
(144:30 / Allies) Blinn: eq soon i think\
(144:38 / Allies) Blinn: read it like a book
(144:41 / Allies) Blinn: just typed too slow
(144:43 / Allies) Mata.: dnd soon now i guess
(144:51 / Allies) Mata.: ya
(145:06 / Allies) Blinn: whose dumb idea was it to mountaneer anyway
(145:10 / Allies) Mata.: mine
(145:10 / Allies) timg4strok: what
(145:13 / Allies) timg4strok: dumb?
(145:17 / Allies) timg4strok: this game is awesome
(145:27 / Allies) Blinn: eh you have a loose definition of awesome
(145:28 / Allies) Mata.: blinn have no units
(145:33 / Allies) Mata.: you can use my air if you want blinn
(145:36 / Allies) Blinn: nah it's cool
(145:43 / Allies) Blinn: wanna see how this finishes
(145:47 / Allies) Blinn: i like how he's wasting mana on frost armour
(145:57 / Allies) Mata.: lich gonna break 1000 mana
(146:07 / Allies) Mata.: damn
(146:09 / Allies) Mata.: i jumped at the reveal
(146:11 / Allies) Mata.: thought it was eq
(146:45 / Allies) timg4strok: send dhawk wyrmn
(146:46 / Allies) timg4strok: ill bomb
(146:49 / Allies) timg4strok: go
(146:49 / Allies) Blinn: at who
(146:50 / Allies) Mata.: what hero
(146:53 / Allies) timg4strok: fs
(146:55 / Allies) Mata.: go
(147:14 / Allies) timg4strok: haha
(147:42 / Allies) Mata.: levelled up atleast :-)
(147:45 / Allies) Mata.: no mana
(147:46 / Allies) Mata.: fff
(148:10 / Allies) Mata.: worst silence in the world
(148:11 / Allies) Blinn: these guys must really want this win
(148:11 / Allies) Mata.: whoever did that
(148:16 / Allies) Blinn: wasnt me
(148:19 / Allies) timg4strok: me
(148:49 / Allies) Mata.: i could be in No again soon
(148:52 / Allies) Blinn: im really quite interested if they're on their last legs goldwise
(148:57 / Allies) Blinn: or if they're just really fucking slow
(149:05 / Allies) timg4strok: quit game watch replay tell us
(149:06 / Allies) Mata.: they must have had mad upkeep
(149:21 / Allies) Mata.: oh dang
(149:22 / Allies) Mata.: siege
(149:23 / Allies) Mata.: want to use air?
(149:30 / Allies) Mata.: or can you tmute it
(149:54 / Allies) Mata.: we quick with on the trigga
(150:05 / Allies) Mata.: tmute the next siege too
(150:08 / Allies) Blinn: yo mata you got 3 dotts
(150:09 / Allies) Mata.: when the opportunity arises
(150:12 / Allies) timg4strok: yes
(150:15 / Allies) timg4strok: ill prob die
(150:20 / Allies) timg4strok: but a noble cause
(150:22 / Allies) Mata.: let me know and i'l silence
(150:28 / Allies) timg4strok: next time i see it
(150:37 / Allies) Mata.: silence only last 6 sec about
(151:16 / Allies) timg4strok: no bats buidling
(151:34 / Allies) Blinn: reckon
(151:36 / Allies) Mata.: still loads of woyms
(151:36 / Allies) Blinn: we could sneak a dott out?
(151:44 / Allies) Mata.: not worth a silence
(152:12 / Allies) timg4strok: why ndoesnt transmute work on heroes
(152:15 / Allies) Blinn: haha
(152:16 / Allies) Mata.: no idea
(152:20 / Allies) Mata.: bug probably
(152:31 / Allies) Blinn: should tell them that's why we didn't win
(152:36 / Allies) timg4strok: zep
(152:39 / Allies) Mata.: they're island hopping
(152:42 / Allies) timg4strok: fucke
(152:47 / Allies) timg4strok: sielence
(152:50 / Allies) timg4strok: gone
(152:58 / Allies) Mata.: save
(152:59 / Allies) Mata.: that nigga
(153:00 / Allies) Blinn: who
(153:11 / Allies) Mata.: demo on low ground
(153:16 / Allies) timg4strok: fail
(153:26 / Allies) Blinn: ded wardman
(153:41 / Allies) Mata.: gonna use hawk
(153:43 / Allies) Mata.: to shoot that nigga down
(153:44 / Allies) Mata.: next time
(153:48 / Allies) timg4strok: i gto hips
(154:07 / Allies) Mata.: haha
(154:20 / Allies) timg4strok: bring wyrm to alch
(154:21 / Allies) timg4strok: healing
(154:22 / Allies) Blinn: yo
(154:24 / All) Mata.: r u enjoying ur mountain hike
(154:24 / Allies) Blinn: yeh
(154:32 / All) LohanNipSlip: u have no lives
(154:36 / All) TheGreatTim: r u enjoying your slow death?
(154:47 / All) LohanNipSlip: it must feel good to lose for hours on end
(155:17 / Allies) timg4strok: heal
(155:34 / Allies) timg4strok: last heal for a while imo
(155:40 / Allies) Mata.: i'm green
(155:44 / Allies) Blinn: to be fair you were on 615
(155:50 / Allies) Blinn: mute
(155:50 / Allies) Blinn: mute
(155:58 / Allies) Mata.: wasnt paying attn
(156:00 / Allies) Mata.: timg give all gold
(156:02 / Allies) Mata.: i get more hawk
(156:17 / Allies) Blinn: fuck fuck
(156:17 / Allies) Blinn: fuck
(156:21 / Allies) timg4strok: wjop
(156:21 / Allies) timg4strok: who
(156:22 / Allies) Mata.: laggy
(156:24 / Allies) Blinn: not me
(156:26 / Allies) Blinn: not me in the least
(156:52 / Allies) timg4strok: h key is your friend please
(156:59 / Allies) Mata.: i lagged
(157:24 / Allies) Mata.: leaving the valley
(157:34 / Allies) timg4strok: h
(157:37 / Allies) timg4strok: for hold position
(157:49 / Allies) Blinn: how did you not see that
(158:06 / Allies) Blinn: where is dr
(158:11 / Allies) timg4strok: stuck
(158:12 / Allies) timg4strok: bad tp spot
(158:17 / Allies) Blinn: lameness
(158:20 / Allies) Mata.: it'll open up in a few seconds
(158:25 / Allies) Mata.: nevermind
(158:54 / Allies) timg4strok: at least if tol is last building
(158:59 / Allies) timg4strok: i can dodge the ults
(159:05 / Allies) Mata.: haha
(159:28 / Allies) timg4strok: wish we opened those trees
(159:50 / All) T-Train: BUUUUURN
(159:51 / All) LohanNipSlip: haha....buuuurrrnnnn
(159:58 / Allies) Blinn: height of comedy
(160:03 / All) timg4strok: hahahhahahahahahahahahahahahahahahahahahhaa
(160:13 / All) Blinn: heheheehe
(160:22 / Allies) timg4strok: fuck
(160:28 / Allies) timg4strok: no 'from downtown' transmute
(160:34 / Allies) Mata.: those farms useful
(160:36 / Allies) Blinn: we had to lose it
(160:37 / Allies) timg4strok: froooooooom doooooooooooooooooooowntooooooooooooown
(160:47 / Allies) Mata.: timg soak the artillery fire
(160:48 / Allies) Mata.: if you can
(160:52 / Allies) Mata.: while dhawks build
(160:55 / Allies) timg4strok: am
(160:56 / Allies) timg4strok: trying
(161:03 / Allies) Mata.: not v hard imho
(161:17 / Allies) Mata.: ah last two out of range?
(161:31 / Allies) Blinn: they may be moving into the valley
(161:43 / Allies) Mata.: seems like logical next step
(161:43 / Allies) timg4strok: my finger on tmute
(162:27 / Allies) Mata.: yo lets bumrush a hero
(162:29 / Allies) Mata.: you call it timg
(162:35 / Allies) timg4strok: they got too much
(162:43 / Allies) timg4strok: kotg
(162:45 / Allies) timg4strok: lowest hp
(162:54 / Allies) Mata.: fs
(163:07 / Allies) Mata.: got fs
(163:07 / Allies) Blinn: haha dead
(163:19 / Allies) Blinn: siege
(163:54 / Allies) Mata.: nea half bad
(164:01 / Allies) Mata.: clouded
(164:01 / Allies) Blinn: cloud?
(164:05 / Allies) Blinn: nice
(164:09 / Allies) Blinn: get
(164:11 / Allies) Mata.: watch out for the wyrms
(164:11 / Allies) Blinn: a druid out
(164:12 / Allies) Blinn: right now
(164:14 / Allies) timg4strok: get dot out
(164:20 / Allies) Mata.: you take care of that
(164:20 / Allies) timg4strok: deployued
(164:56 / Allies) Mata.: sending all hawks
(165:31 / Allies) timg4strok: im out
(165:32 / Allies) timg4strok: gtfo
(165:40 / Allies) Mata.: finishing those two wyrm
(165:50 / Allies) timg4strok: get
(165:51 / Allies) timg4strok: out
(166:02 / Allies) Blinn: h motherfucker can you use it
(166:03 / Allies) Mata.: need healing!
(166:03 / Allies) timg4strok: you lost like 18 more hawks than you should have
(166:10 / Allies) Mata.: nm i guess
(166:17 / Allies) Blinn: go transmute a bitch
(166:17 / Allies) timg4strok: comin for some fat tmutres
(166:33 / Allies) Blinn: nooo
(166:39 / Allies) Mata.: oh that's just not good
(166:50 / Allies) timg4strok: didnt realize 7 seconds meant 3
(166:56 / Allies) Mata.: okay
(166:58 / Allies) Mata.: lets see
(167:02 / Allies) Mata.: if we pool gold
(167:06 / Allies) Mata.: we can get you 700 about
(167:10 / Allies) Blinn: i got 0
(167:19 / Allies) timg4strok: not enough
(167:21 / Allies) Mata.: well
(167:21 / Allies) Mata.: too lte
(167:22 / Allies) timg4strok: would have to build wisp
(167:24 / Allies) timg4strok: then altar
(167:24 / Allies) Mata.: you gave into low upkeep
(167:27 / Allies) Mata.: yes i could have sold items
(167:32 / Allies) timg4strok: not worth it imo
(167:44 / Allies) Blinn: do we say GG or wait
(167:46 / Allies) Blinn: till its done?
(167:50 / Allies) Mata.: i'm staying
(167:51 / Allies) timg4strok: say gg?
(167:53 / Allies) timg4strok: are you kidding?
(167:55 / Allies) timg4strok: never say gg
(168:10 / Allies) Blinn: shall we go piss off bases
(168:23 / Allies) Blinn: cloud?
(168:24 / Allies) Mata.: too late to go killing altars
(168:27 / Allies) Mata.: in a sec
(168:48 / Allies) Blinn: purge :(
(168:56 / Allies) timg4strok: as soon as you see ktog run
(169:49 / Allies) Blinn: so
(169:52 / Allies) timg4strok: want me to quit and see how much gold they have
(170:06 / Allies) Mata.: nah
(170:09 / Allies) Mata.: not too imp at this point
(170:31 / Allies) timg4strok: i think they at 0
(170:35 / Allies) Mata.: the Lady of the Mountain
(170:44 / Allies) Blinn: if you charm enough
(170:47 / Allies) Blinn: it could do it
(170:55 / Allies) Mata.: ya
(170:58 / Allies) Mata.: tricky though i m h o
(171:03 / Allies) timg4strok: if you sell all
(171:05 / Allies) Mata.: they been hella careful with wyrm
(171:07 / Allies) timg4strok: how much g you got
(171:10 / Allies) Mata.: not letting the wyrm get near Death Mountain
(171:22 / Allies) Blinn: they know they could get overpowered
(171:23 / Allies) Mata.: 375 + 579
(171:28 / Allies) Mata.: would have been another 150 if you hadn't gievn
(171:32 / Allies) timg4strok: :x
(171:48 / Allies) Blinn: i take it that's not enough
(171:49 / Allies) Mata.: you wouldn't need a moonwell
(171:52 / Allies) timg4strok: wanna try it?
(171:55 / Allies) Mata.: so you might be able to
(172:09 / Allies) Mata.: otherwise we'll have to troll around the map looking for items to sell
(172:16 / Allies) timg4strok: already did
(172:17 / Allies) timg4strok: lmao
(172:25 / Allies) Blinn: you know we were actually close to winning at one point
(172:31 / Allies) Mata.: at which point
(172:33 / Allies) timg4strok: until i fucked up i knwo
(172:37 / Allies) Blinn: when we bumrushed those heroes
(172:39 / Allies) timg4strok: when i had alch out
(172:40 / Allies) Blinn: maybe not but it felt like it
(172:42 / Allies) Mata.: ya
(172:43 / Allies) Mata.: mb
(172:50 / Allies) Blinn: o well no use crying over appropriate idiom
(173:03 / Allies) Mata.: timg
(173:06 / Allies) Mata.: dont kill more farms than you have to damn
(173:26 / Allies) Mata.: we gota time limit
(173:55 / Allies) Mata.: hurry
(173:57 / Allies) Mata.: need alch for heal XX
(174:06 / Allies) timg4strok: gotta kill shop
(174:08 / Allies) Mata.: wait
(174:10 / Allies) timg4strok: or aviary
(174:11 / Allies) Mata.: selling
(174:18 / Allies) Blinn: fuk
(174:21 / Allies) Mata.: kill aviara
(174:25 / Allies) Blinn: slie
(174:25 / Allies) timg4strok: lmao
(174:26 / Allies) Blinn: silence
(174:27 / Allies) timg4strok: he is helping
(174:37 / Allies) Mata.: i said
(174:37 / Allies) Mata.: aviary
(174:38 / Allies) Mata.: fuck
(174:44 / Allies) timg4strok: we can rebuild shop
(174:45 / Allies) Mata.: dont kill shop
(174:45 / Allies) timg4strok: not av
(174:48 / Allies) Mata.: fuck
(175:12 / All) TheGreatTim: gg
(175:16 / All) TheGreatTim: you can leave now
(175:20 / All) LohanNipSlip: no don't leave!
(175:25 / All) TheGreatTim: and when i say good
(175:26 / All) LohanNipSlip: i have more to kil!!!
(175:30 / All) TheGreatTim: i mean your a fag
(175:34 / All) TheGreatTim: all of you
(175:49 / Allies) Blinn: life draaain
(175:53 / Allies) Mata.: i'll sell rod if i have to
(176:01 / Allies) timg4strok: wood
(176:16 / Allies) Mata.: dont lose that tol
(176:18 / Allies) Mata.: is your supply
(176:21 / Allies) Blinn: 639/750
(176:26 / Allies) Blinn: that enough?
(176:32 / Allies) timg4strok: prob not
(176:36 / Allies) timg4strok: maybe
(176:37 / Allies) Mata.: i think 500
(176:37 / Allies) timg4strok: idk
(176:38 / Allies) Blinn: for a level 10 at tavern
(176:48 / Allies) Blinn: zep
(176:57 / Allies) timg4strok: kill pls
(176:59 / Allies) timg4strok: send dhawk
(177:24 / Allies) Blinn: noo
(177:42 / Allies) Mata.: f
(177:44 / All) LohanNipSlip: yeah bitch!!!
(177:59 / Allies) timg4strok: fuck this game
(178:01 / Allies) Mata.: too late